Workbook

Sheet Resumo Polo VI
B1: GRUPO 06 / POLO VI
G3: =B1 -> GRUPO 06 / POLO VI
G4: ITEM | H4: CATSER | I4: ESPECIFICAÇÃO | N4: VALOR MENSAL | P4: VALOR 36 MESES
G5: 26 | H5: 23507 | I5: Posto de vigilância diurno, escala 44 horas semanais de segunda a sexta-feira envolvendo 1 vigilante, para Gerências Executivas Araraquara, Piracicaba, Ribeirão Preto, São José do Rio Preto e São João da Boa Vista, e unidades subordinadas | N5: =F43+F63+F85+F107+F131 -> 0 | P5: =N5*36 -> 0
G6: 27 | H6: 23647 | I6: Posto de vigilância diurno, escala 12x36 horas de segunda-feira a domingo envolvendo 2 vigilantes, para Gerências Executivas Araraquara, Piracicaba, Ribeirão Preto, São José do Rio Preto e São João da Boa Vista, e unidades subordinadas | N6: =I43+I63+I85+I107+I131 -> 0 | P6: =N6*36 -> 0
G7: 28 | H7: 23957 | I7: Posto de vigilância noturno, escala 12x36 horas de segunda-feira a domingo envolvendo 2 vigilantes, para Gerências Executivas Araraquara, Piracicaba, Ribeirão Preto, São José do Rio Preto e São João da Boa Vista, e unidades subordinadas | N7: =L43+L63+L85+L107+L131 -> 0 | P7: =N7*36 -> 0
G8: 29 | H8: 23507 | I8: Hora eventual diurna, para Gerências Executivas Araraquara, Piracicaba, Ribeirão Preto, São José do Rio Preto e São João da Boa Vista, e unidades subordinadas | N8: =O43+O63+O85+O107+O131 -> 0 | P8: =N8*36 -> 0
G9: 30 | H9: 23957 | I9: Hora eventual noturna, para Gerências Executivas Araraquara, Piracicaba, Ribeirão Preto, São José do Rio Preto e São João da Boa Vista, e unidades subordinadas | N9: =R43+R63+R85+R107+R131 -> 0 | P9: =N9*36 -> 0
G10: VALOR TOTAL MENSAL | N10: =SUM(N5:N9) -> 0
G11: VALOR TOTAL GLOBAL 36 MESES | N11: =SUM(P5:Q9) -> 0
G14: DIVISÃO POR GERÊNCIAS POLO VI
G15: GERÊNCIA EXECUTIVA | J15: VALOR MENSAL | N15: ESCALA DE TRABALHO | R15: QUANTIDADE DE POSTOS
G16: =B23 -> GERÊNCIA EXECUTIVA ARARAQUARA | J16: =S43 -> 0 | N16: 44 horas semanais de segunda a sexta-feira | R16: =D43+D63+D85+D107+D131 -> 169
G17: =B46 -> GERÊNCIA EXECUTIVA PIRACICABA | J17: =S63 -> 0 | N17: 12x36 horas diurnas de segunda-feira a domingo | R17: =G43+G63+G85+G107+G131 -> 17
G18: =B66 -> GERÊNCIA EXECUTIVA RIBEIRÃO PRETO | J18: =S85 -> 0 | N18: 12x36 horas noturnas de segunda-feira a domingo | R18: =J43+J63+J85+J107+J131 -> 10
G19: =B88 -> GERÊNCIA EXECUTIVA SÃO JOÃO DA BOA VISTA | J19: =S107 -> 0
G20: =B110 -> GERÊNCIA EXECUTIVA SÃO JOSÉ DO RIO PRETO | J20: =S131 -> 0 | N20: HORAS EVENTUAIS | R20: QUANTIDADE DE HORAS
G21: VALOR GLOBAL MENSAL | J21: =SUM(J16:J20) -> 0 | N21: horas eventuais diurnas | R21: =M43+M63+M85+M107+M131 -> 325
G22: VALOR GLOBAL 36 MESES | J22: =J21*36 -> 0 | N22: horas eventuais noturnas | R22: =P43+P63+P85+P107+P131 -> 35
B23: GERÊNCIA EXECUTIVA ARARAQUARA
B24: UNIDADES | C24: ISS% | D24: 44 HORAS | G24: 12 x 36 DIURNO | J24: 12 x 36 NOTURNO | M24: HORA EVENTUAL DIURNA | P24: HORA EVENTUAL NOTURNA | S24: VALOR MENSAL
D25: QUANT. | E25: VALOR UNIT. MENSAL | F25: VALOR MENSAL | G25: QUANT. | H25: VALOR UNIT. MENSAL | I25: VALOR MENSAL | J25: QUANT. | K25: VALOR UNIT. MENSAL | L25: VALOR MENSAL | M25: QUANT. | N25: VALOR DA HORA | O25: VALOR MENSAL | P25: QUANT. | Q25: VALOR DA HORA | R25: VALOR MENSAL
B26: AGÊNCIA DA PREVIDÊNCIA SOCIAL AMÉRICO BRASILIENSE | C26: 0.03 | D26: 2 | E26: =VLOOKUP($C26,'Memória de Cálculo 3'!$B$2:$E$11,2, ) -> 0 | F26: =D26*E26 -> 0 | G26: 0 | H26: =VLOOKUP($C26,'Memória de Cálculo 3'!$B$2:$E$11,3, ) -> 0 | I26: =G26*H26 -> 0 | J26: 0 | K26: =VLOOKUP($C26,'Memória de Cálculo 3'!$B$2:$E$11,4, ) -> 0 | L26: =J26*K26 -> 0 | M26: 4 | N26: =VLOOKUP($C26,'Memória de Cálculo 3'!$B$2:$G$11,5, ) -> 0 | O26: =M26*N26 -> 0 | Q26: =VLOOKUP($C26,'Memória de Cálculo 3'!$B$2:$G$11,6, ) -> 0 | R26: =P26*Q26 -> 0 | S26: =F26+I26+L26+O26+R26 -> 0
B27: AGÊNCIA DA PREVIDÊNCIA SOCIAL ARARAQUARA | C27: 0.05 | D27: 5 | E27: =VLOOKUP($C27,'Memória de Cálculo 3'!$B$2:$E$11,2, ) -> 0 | F27: =D27*E27 -> 0 | G27: 0 | H27: =VLOOKUP($C27,'Memória de Cálculo 3'!$B$2:$E$11,3, ) -> 0 | I27: =G27*H27 -> 0 | J27: 0 | K27: =VLOOKUP($C27,'Memória de Cálculo 3'!$B$2:$E$11,4, ) -> 0 | L27: =J27*K27 -> 0 | M27: 4 | N27: =VLOOKUP($C27,'Memória de Cálculo 3'!$B$2:$G$11,5, ) -> 0 | O27: =M27*N27 -> 0 | Q27: =VLOOKUP($C27,'Memória de Cálculo 3'!$B$2:$G$11,6, ) -> 0 | R27: =P27*Q27 -> 0 | S27: =F27+I27+L27+O27+R27 -> 0
B28: AGÊNCIA DA PREVIDÊNCIA SOCIAL BEBEDOURO | C28: 0.03 | D28: 2 | E28: =VLOOKUP($C28,'Memória de Cálculo 3'!$B$2:$E$11,2, ) -> 0 | F28: =D28*E28 -> 0 | G28: 0 | H28: =VLOOKUP($C28,'Memória de Cálculo 3'!$B$2:$E$11,3, ) -> 0 | I28: =G28*H28 -> 0 | J28: 0 | K28: =VLOOKUP($C28,'Memória de Cálculo 3'!$B$2:$E$11,4, ) -> 0 | L28: =J28*K28 -> 0 | M28: 4 | N28: =VLOOKUP($C28,'Memória de Cálculo 3'!$B$2:$G$11,5, ) -> 0 | O28: =M28*N28 -> 0 | Q28: =VLOOKUP($C28,'Memória de Cálculo 3'!$B$2:$G$11,6, ) -> 0 | R28: =P28*Q28 -> 0 | S28: =F28+I28+L28+O28+R28 -> 0
B29: AGÊNCIA DA PREVIDÊNCIA SOCIAL DESCALVADO | C29: 0.02 | D29: 2 | E29: =VLOOKUP($C29,'Memória de Cálculo 3'!$B$2:$E$11,2, ) -> 0 | F29: =D29*E29 -> 0 | G29: 0 | H29: =VLOOKUP($C29,'Memória de Cálculo 3'!$B$2:$E$11,3, ) -> 0 | I29: =G29*H29 -> 0 | J29: 0 | K29: =VLOOKUP($C29,'Memória de Cálculo 3'!$B$2:$E$11,4, ) -> 0 | L29: =J29*K29 -> 0 | M29: 4 | N29: =VLOOKUP($C29,'Memória de Cálculo 3'!$B$2:$G$11,5, ) -> 0 | O29: =M29*N29 -> 0 | Q29: =VLOOKUP($C29,'Memória de Cálculo 3'!$B$2:$G$11,6, ) -> 0 | R29: =P29*Q29 -> 0 | S29: =F29+I29+L29+O29+R29 -> 0
B30: AGÊNCIA DA PREVIDÊNCIA SOCIAL GUARIBA | C30: 0.025 | D30: 2 | E30: =VLOOKUP($C30,'Memória de Cálculo 3'!$B$2:$E$11,2, ) -> 0 | F30: =D30*E30 -> 0 | G30: 0 | H30: =VLOOKUP($C30,'Memória de Cálculo 3'!$B$2:$E$11,3, ) -> 0 | I30: =G30*H30 -> 0 | J30: 0 | K30: =VLOOKUP($C30,'Memória de Cálculo 3'!$B$2:$E$11,4, ) -> 0 | L30: =J30*K30 -> 0 | M30: 4 | N30: =VLOOKUP($C30,'Memória de Cálculo 3'!$B$2:$G$11,5, ) -> 0 | O30: =M30*N30 -> 0 | Q30: =VLOOKUP($C30,'Memória de Cálculo 3'!$B$2:$G$11,6, ) -> 0 | R30: =P30*Q30 -> 0 | S30: =F30+I30+L30+O30+R30 -> 0
B31: AGÊNCIA DA PREVIDÊNCIA SOCIAL IBATÉ | C31: 0.02 | D31: 2 | E31: =VLOOKUP($C31,'Memória de Cálculo 3'!$B$2:$E$11,2, ) -> 0 | F31: =D31*E31 -> 0 | G31: 0 | H31: =VLOOKUP($C31,'Memória de Cálculo 3'!$B$2:$E$11,3, ) -> 0 | I31: =G31*H31 -> 0 | J31: 0 | K31: =VLOOKUP($C31,'Memória de Cálculo 3'!$B$2:$E$11,4, ) -> 0 | L31: =J31*K31 -> 0 | M31: 4 | N31: =VLOOKUP($C31,'Memória de Cálculo 3'!$B$2:$G$11,5, ) -> 0 | O31: =M31*N31 -> 0 | Q31: =VLOOKUP($C31,'Memória de Cálculo 3'!$B$2:$G$11,6, ) -> 0 | R31: =P31*Q31 -> 0 | S31: =F31+I31+L31+O31+R31 -> 0
B32: AGÊNCIA DA PREVIDÊNCIA SOCIAL IBITINGA | C32: 0.025 | D32: 2 | E32: =VLOOKUP($C32,'Memória de Cálculo 3'!$B$2:$E$11,2, ) -> 0 | F32: =D32*E32 -> 0 | G32: 0 | H32: =VLOOKUP($C32,'Memória de Cálculo 3'!$B$2:$E$11,3, ) -> 0 | I32: =G32*H32 -> 0 | J32: 0 | K32: =VLOOKUP($C32,'Memória de Cálculo 3'!$B$2:$E$11,4, ) -> 0 | L32: =J32*K32 -> 0 | M32: 4 | N32: =VLOOKUP($C32,'Memória de Cálculo 3'!$B$2:$G$11,5, ) -> 0 | O32: =M32*N32 -> 0 | Q32: =VLOOKUP($C32,'Memória de Cálculo 3'!$B$2:$G$11,6, ) -> 0 | R32: =P32*Q32 -> 0 | S32: =F32+I32+L32+O32+R32 -> 0
B33: AGÊNCIA DA PREVIDÊNCIA SOCIAL ITÁPOLIS | C33: 0.03 | D33: 2 | E33: =VLOOKUP($C33,'Memória de Cálculo 3'!$B$2:$E$11,2, ) -> 0 | F33: =D33*E33 -> 0 | G33: 0 | H33: =VLOOKUP($C33,'Memória de Cálculo 3'!$B$2:$E$11,3, ) -> 0 | I33: =G33*H33 -> 0 | J33: 0 | K33: =VLOOKUP($C33,'Memória de Cálculo 3'!$B$2:$E$11,4, ) -> 0 | L33: =J33*K33 -> 0 | M33: 4 | N33: =VLOOKUP($C33,'Memória de Cálculo 3'!$B$2:$G$11,5, ) -> 0 | O33: =M33*N33 -> 0 | Q33: =VLOOKUP($C33,'Memória de Cálculo 3'!$B$2:$G$11,6, ) -> 0 | R33: =P33*Q33 -> 0 | S33: =F33+I33+L33+O33+R33 -> 0
B34: AGÊNCIA DA PREVIDÊNCIA SOCIAL JABOTICABAL | C34: 0.03 | D34: 2 | E34: =VLOOKUP($C34,'Memória de Cálculo 3'!$B$2:$E$11,2, ) -> 0 | F34: =D34*E34 -> 0 | G34: 0 | H34: =VLOOKUP($C34,'Memória de Cálculo 3'!$B$2:$E$11,3, ) -> 0 | I34: =G34*H34 -> 0 | J34: 0 | K34: =VLOOKUP($C34,'Memória de Cálculo 3'!$B$2:$E$11,4, ) -> 0 | L34: =J34*K34 -> 0 | M34: 4 | N34: =VLOOKUP($C34,'Memória de Cálculo 3'!$B$2:$G$11,5, ) -> 0 | O34: =M34*N34 -> 0 | Q34: =VLOOKUP($C34,'Memória de Cálculo 3'!$B$2:$G$11,6, ) -> 0 | R34: =P34*Q34 -> 0 | S34: =F34+I34+L34+O34+R34 -> 0
B35: AGÊNCIA DA PREVIDÊNCIA SOCIAL MATÃO | C35: 0.021 | D35: 2 | E35: =VLOOKUP($C35,'Memória de Cálculo 3'!$B$2:$E$11,2, ) -> 0 | F35: =D35*E35 -> 0 | G35: 0 | H35: =VLOOKUP($C35,'Memória de Cálculo 3'!$B$2:$E$11,3, ) -> 0 | I35: =G35*H35 -> 0 | J35: 0 | K35: =VLOOKUP($C35,'Memória de Cálculo 3'!$B$2:$E$11,4, ) -> 0 | L35: =J35*K35 -> 0 | M35: 4 | N35: =VLOOKUP($C35,'Memória de Cálculo 3'!$B$2:$G$11,5, ) -> 0 | O35: =M35*N35 -> 0 | Q35: =VLOOKUP($C35,'Memória de Cálculo 3'!$B$2:$G$11,6, ) -> 0 | R35: =P35*Q35 -> 0 | S35: =F35+I35+L35+O35+R35 -> 0
B36: AGÊNCIA DA PREVIDÊNCIA SOCIAL MONTE ALTO | C36: 0.03 | D36: 2 | E36: =VLOOKUP($C36,'Memória de Cálculo 3'!$B$2:$E$11,2, ) -> 0 | F36: =D36*E36 -> 0 | G36: 0 | H36: =VLOOKUP($C36,'Memória de Cálculo 3'!$B$2:$E$11,3, ) -> 0 | I36: =G36*H36 -> 0 | J36: 0 | K36: =VLOOKUP($C36,'Memória de Cálculo 3'!$B$2:$E$11,4, ) -> 0 | L36: =J36*K36 -> 0 | M36: 4 | N36: =VLOOKUP($C36,'Memória de Cálculo 3'!$B$2:$G$11,5, ) -> 0 | O36: =M36*N36 -> 0 | Q36: =VLOOKUP($C36,'Memória de Cálculo 3'!$B$2:$G$11,6, ) -> 0 | R36: =P36*Q36 -> 0 | S36: =F36+I36+L36+O36+R36 -> 0
B37: AGÊNCIA DA PREVIDÊNCIA SOCIAL PITANGUEIRAS | C37: 0.05 | D37: 2 | E37: =VLOOKUP($C37,'Memória de Cálculo 3'!$B$2:$E$11,2, ) -> 0 | F37: =D37*E37 -> 0 | G37: 0 | H37: =VLOOKUP($C37,'Memória de Cálculo 3'!$B$2:$E$11,3, ) -> 0 | I37: =G37*H37 -> 0 | J37: 0 | K37: =VLOOKUP($C37,'Memória de Cálculo 3'!$B$2:$E$11,4, ) -> 0 | L37: =J37*K37 -> 0 | M37: 4 | N37: =VLOOKUP($C37,'Memória de Cálculo 3'!$B$2:$G$11,5, ) -> 0 | O37: =M37*N37 -> 0 | Q37: =VLOOKUP($C37,'Memória de Cálculo 3'!$B$2:$G$11,6, ) -> 0 | R37: =P37*Q37 -> 0 | S37: =F37+I37+L37+O37+R37 -> 0
... B39: AGÊNCIA DA PREVIDÊNCIA SOCIAL TAQUARITINGA | C39: 0.02 | D39: 2 | E39: =VLOOKUP($C39,'Memória de Cálculo 3'!$B$2:$E$11,2, ) -> 0 | F39: =D39*E39 -> 0 | G39: 0 | H39: =VLOOKUP($C39,'Memória de Cálculo 3'!$B$2:$E$11,3, ) -> 0 | I39: =G39*H39 -> 0 | J39: 0 | K39: =VLOOKUP($C39,'Memória de Cálculo 3'!$B$2:$E$11,4, ) -> 0 | L39: =J39*K39 -> 0 | M39: 4 | N39: =VLOOKUP($C39,'Memória de Cálculo 3'!$B$2:$G$11,5, ) -> 0 | O39: =M39*N39 -> 0 | Q39: =VLOOKUP($C39,'Memória de Cálculo 3'!$B$2:$G$11,6, ) -> 0 | R39: =P39*Q39 -> 0 | S39: =F39+I39+L39+O39+R39 -> 0
B40: CEDOC R 9 DE JULHO 2794 | C40: 0.05 | D40: 1 | E40: =VLOOKUP($C40,'Memória de Cálculo 3'!$B$2:$E$11,2, ) -> 0 | F40: =D40*E40 -> 0 | G40: 0 | H40: =VLOOKUP($C40,'Memória de Cálculo 3'!$B$2:$E$11,3, ) -> 0 | I40: =G40*H40 -> 0 | J40: 0 | K40: =VLOOKUP($C40,'Memória de Cálculo 3'!$B$2:$E$11,4, ) -> 0 | L40: =J40*K40 -> 0 | N40: =VLOOKUP($C40,'Memória de Cálculo 3'!$B$2:$G$11,5, ) -> 0 | O40: =M40*N40 -> 0 | Q40: =VLOOKUP($C40,'Memória de Cálculo 3'!$B$2:$G$11,6, ) -> 0 | R40: =P40*Q40 -> 0 | S40: =F40+I40+L40+O40+R40 -> 0
B41: OBRA SÃO CARLOS/SP R MAJOR JOSE INACIO 2626 | C41: 0.02 | D41: 0 | E41: =VLOOKUP($C41,'Memória de Cálculo 3'!$B$2:$E$11,2, ) -> 0 | F41: =D41*E41 -> 0 | G41: 1 | H41: =VLOOKUP($C41,'Memória de Cálculo 3'!$B$2:$E$11,3, ) -> 0 | I41: =G41*H41 -> 0 | J41: 1 | K41: =VLOOKUP($C41,'Memória de Cálculo 3'!$B$2:$E$11,4, ) -> 0 | L41: =J41*K41 -> 0 | N41: =VLOOKUP($C41,'Memória de Cálculo 3'!$B$2:$G$11,5, ) -> 0 | O41: =M41*N41 -> 0 | Q41: =VLOOKUP($C41,'Memória de Cálculo 3'!$B$2:$G$11,6, ) -> 0 | R41: =P41*Q41 -> 0 | S41: =F41+I41+L41+O41+R41 -> 0
B42: GERÊNCIA EXECUTIVA ARARAQUARA | C42: 0.05 | D42: 1 | E42: =VLOOKUP($C42,'Memória de Cálculo 3'!$B$2:$E$11,2, ) -> 0 | F42: =D42*E42 -> 0 | G42: 1 | H42: =VLOOKUP($C42,'Memória de Cálculo 3'!$B$2:$E$11,3, ) -> 0 | I42: =G42*H42 -> 0 | J42: 1 | K42: =VLOOKUP($C42,'Memória de Cálculo 3'!$B$2:$E$11,4, ) -> 0 | L42: =J42*K42 -> 0 | M42: 9 | N42: =VLOOKUP($C42,'Memória de Cálculo 3'!$B$2:$G$11,5, ) -> 0 | O42: =M42*N42 -> 0 | P42: 7 | Q42: =VLOOKUP($C42,'Memória de Cálculo 3'!$B$2:$G$11,6, ) -> 0 | R42: =P42*Q42 -> 0 | S42: =F42+I42+L42+O42+R42 -> 0
B43: VALOR GLOBAL MENSAL | D43: =SUM(D26:D42) -> 33 | F43: =SUM(F26:F42) -> 0 | G43: =SUM(G26:G42) -> 3 | I43: =SUM(I26:I42) -> 0 | J43: =SUM(J26:J42) -> 3 | L43: =SUM(L26:L42) -> 0 | M43: =SUM(M26:M42) -> 65 | O43: =SUM(O26:O42) -> 0 | P43: =SUM(P26:P42) -> 7 | R43: =SUM(R26:R42) -> 0 | S43: =SUM(S26:S42) -> 0
B44: VALOR GLOBAL | S44: =S43*36 -> 0
B46: GERÊNCIA EXECUTIVA PIRACICABA
B47: UNIDADES | C47: ISS% | D47: 44 HORAS | G47: 12 x 36 DIURNO | J47: 12 x 36 NOTURNO | M47: HORA EVENTUAL DIURNA | P47: HORA EVENTUAL NOTURNA | S47: VALOR MENSAL
D48: QUANT. | E48: VALOR UNIT. MENSAL | F48: VALOR MENSAL | G48: QUANT. | H48: VALOR UNIT. MENSAL | I48: VALOR MENSAL | J48: QUANT. | K48: VALOR UNIT. MENSAL | L48: VALOR MENSAL | M48: QUANT. | N48: VALOR DA HORA | O48: VALOR MENSAL | P48: QUANT. | Q48: VALOR DA HORA | R48: VALOR MENSAL
B49: AGÊNCIA DA PREVIDÊNCIA SOCIAL ARARAS | C49: 0.05 | D49: 3 | E49: =VLOOKUP($C49,'Memória de Cálculo 3'!$B$2:$E$11,2, ) -> 0 | F49: =D49*E49 -> 0 | G49: 0 | H49: =VLOOKUP($C49,'Memória de Cálculo 3'!$B$2:$E$11,3, ) -> 0 | I49: =G49*H49 -> 0 | J49: 0 | K49: =VLOOKUP($C49,'Memória de Cálculo 3'!$B$2:$E$11,4, ) -> 0 | L49: =J49*K49 -> 0 | M49: 4 | N49: =VLOOKUP($C49,'Memória de Cálculo 3'!$B$2:$G$11,5, ) -> 0 | O49: =M49*N49 -> 0 | Q49: =VLOOKUP($C49,'Memória de Cálculo 3'!$B$2:$G$11,6, ) -> 0 | R49: =P49*Q49 -> 0 | S49: =F49+I49+L49+O49+R49 -> 0
B50: AGÊNCIA DA PREVIDÊNCIA SOCIAL ARTUR NOGUEIRA | C50: 0.025 | D50: 2 | E50: =VLOOKUP($C50,'Memória de Cálculo 3'!$B$2:$E$11,2, ) -> 0 | F50: =D50*E50 -> 0 | G50: 0 | H50: =VLOOKUP($C50,'Memória de Cálculo 3'!$B$2:$E$11,3, ) -> 0 | I50: =G50*H50 -> 0 | J50: 0 | K50: =VLOOKUP($C50,'Memória de Cálculo 3'!$B$2:$E$11,4, ) -> 0 | L50: =J50*K50 -> 0 | M50: 4 | N50: =VLOOKUP($C50,'Memória de Cálculo 3'!$B$2:$G$11,5, ) -> 0 | O50: =M50*N50 -> 0 | Q50: =VLOOKUP($C50,'Memória de Cálculo 3'!$B$2:$G$11,6, ) -> 0 | R50: =P50*Q50 -> 0 | S50: =F50+I50+L50+O50+R50 -> 0
B51: AGÊNCIA DA PREVIDÊNCIA SOCIAL CAPIVARI | C51: 0.05 | D51: 2 | E51: =VLOOKUP($C51,'Memória de Cálculo 3'!$B$2:$E$11,2, ) -> 0 | F51: =D51*E51 -> 0 | G51: 0 | H51: =VLOOKUP($C51,'Memória de Cálculo 3'!$B$2:$E$11,3, ) -> 0 | I51: =G51*H51 -> 0 | J51: 0 | K51: =VLOOKUP($C51,'Memória de Cálculo 3'!$B$2:$E$11,4, ) -> 0 | L51: =J51*K51 -> 0 | M51: 4 | N51: =VLOOKUP($C51,'Memória de Cálculo 3'!$B$2:$G$11,5, ) -> 0 | O51: =M51*N51 -> 0 | Q51: =VLOOKUP($C51,'Memória de Cálculo 3'!$B$2:$G$11,6, ) -> 0 | R51: =P51*Q51 -> 0 | S51: =F51+I51+L51+O51+R51 -> 0
B52: AGÊNCIA DA PREVIDÊNCIA SOCIAL CERQUILHO | C52: 0.02 | D52: 1 | E52: =VLOOKUP($C52,'Memória de Cálculo 3'!$B$2:$E$11,2, ) -> 0 | F52: =D52*E52 -> 0 | G52: 1 | H52: =VLOOKUP($C52,'Memória de Cálculo 3'!$B$2:$E$11,3, ) -> 0 | I52: =G52*H52 -> 0 | J52: 0 | K52: =VLOOKUP($C52,'Memória de Cálculo 3'!$B$2:$E$11,4, ) -> 0 | L52: =J52*K52 -> 0 | M52: 4 | N52: =VLOOKUP($C52,'Memória de Cálculo 3'!$B$2:$G$11,5, ) -> 0 | O52: =M52*N52 -> 0 | Q52: =VLOOKUP($C52,'Memória de Cálculo 3'!$B$2:$G$11,6, ) -> 0 | R52: =P52*Q52 -> 0 | S52: =F52+I52+L52+O52+R52 -> 0
B53: AGÊNCIA DA PREVIDÊNCIA SOCIAL CONCHAL | C53: 0.05 | D53: 1 | E53: =VLOOKUP($C53,'Memória de Cálculo 3'!$B$2:$E$11,2, ) -> 0 | F53: =D53*E53 -> 0 | G53: 1 | H53: =VLOOKUP($C53,'Memória de Cálculo 3'!$B$2:$E$11,3, ) -> 0 | I53: =G53*H53 -> 0 | J53: 0 | K53: =VLOOKUP($C53,'Memória de Cálculo 3'!$B$2:$E$11,4, ) -> 0 | L53: =J53*K53 -> 0 | M53: 4 | N53: =VLOOKUP($C53,'Memória de Cálculo 3'!$B$2:$G$11,5, ) -> 0 | O53: =M53*N53 -> 0 | Q53: =VLOOKUP($C53,'Memória de Cálculo 3'!$B$2:$G$11,6, ) -> 0 | R53: =P53*Q53 -> 0 | S53: =F53+I53+L53+O53+R53 -> 0
B54: AGÊNCIA DA PREVIDÊNCIA SOCIAL LARANJAL PAULISTA | C54: 0.05 | D54: 3 | E54: =VLOOKUP($C54,'Memória de Cálculo 3'!$B$2:$E$11,2, ) -> 0 | F54: =D54*E54 -> 0 | G54: 0 | H54: =VLOOKUP($C54,'Memória de Cálculo 3'!$B$2:$E$11,3, ) -> 0 | I54: =G54*H54 -> 0 | J54: 0 | K54: =VLOOKUP($C54,'Memória de Cálculo 3'!$B$2:$E$11,4, ) -> 0 | L54: =J54*K54 -> 0 | M54: 4 | N54: =VLOOKUP($C54,'Memória de Cálculo 3'!$B$2:$G$11,5, ) -> 0 | O54: =M54*N54 -> 0 | Q54: =VLOOKUP($C54,'Memória de Cálculo 3'!$B$2:$G$11,6, ) -> 0 | R54: =P54*Q54 -> 0 | S54: =F54+I54+L54+O54+R54 -> 0
B55: AGÊNCIA DA PREVIDÊNCIA SOCIAL LIMEIRA | C55: 0.05 | D55: 3 | E55: =VLOOKUP($C55,'Memória de Cálculo 3'!$B$2:$E$11,2, ) -> 0 | F55: =D55*E55 -> 0 | G55: 1 | H55: =VLOOKUP($C55,'Memória de Cálculo 3'!$B$2:$E$11,3, ) -> 0 | I55: =G55*H55 -> 0 | J55: 0 | K55: =VLOOKUP($C55,'Memória de Cálculo 3'!$B$2:$E$11,4, ) -> 0 | L55: =J55*K55 -> 0 | M55: 4 | N55: =VLOOKUP($C55,'Memória de Cálculo 3'!$B$2:$G$11,5, ) -> 0 | O55: =M55*N55 -> 0 | Q55: =VLOOKUP($C55,'Memória de Cálculo 3'!$B$2:$G$11,6, ) -> 0 | R55: =P55*Q55 -> 0 | S55: =F55+I55+L55+O55+R55 -> 0
B56: AGÊNCIA DA PREVIDÊNCIA SOCIAL PIRACICABA | C56: 0.05 | D56: 3 | E56: =VLOOKUP($C56,'Memória de Cálculo 3'!$B$2:$E$11,2, ) -> 0 | F56: =D56*E56 -> 0 | G56: 1 | H56: =VLOOKUP($C56,'Memória de Cálculo 3'!$B$2:$E$11,3, ) -> 0 | I56: =G56*H56 -> 0 | J56: 0 | K56: =VLOOKUP($C56,'Memória de Cálculo 3'!$B$2:$E$11,4, ) -> 0 | L56: =J56*K56 -> 0 | M56: 4 | N56: =VLOOKUP($C56,'Memória de Cálculo 3'!$B$2:$G$11,5, ) -> 0 | O56: =M56*N56 -> 0 | Q56: =VLOOKUP($C56,'Memória de Cálculo 3'!$B$2:$G$11,6, ) -> 0 | R56: =P56*Q56 -> 0 | S56: =F56+I56+L56+O56+R56 -> 0
B57: AGÊNCIA DA PREVIDÊNCIA SOCIAL RIO CLARO | C57: 0.03 | D57: 3 | E57: =VLOOKUP($C57,'Memória de Cálculo 3'!$B$2:$E$11,2, ) -> 0 | F57: =D57*E57 -> 0 | G57: 0 | H57: =VLOOKUP($C57,'Memória de Cálculo 3'!$B$2:$E$11,3, ) -> 0 | I57: =G57*H57 -> 0 | J57: 0 | K57: =VLOOKUP($C57,'Memória de Cálculo 3'!$B$2:$E$11,4, ) -> 0 | L57: =J57*K57 -> 0 | M57: 4 | N57: =VLOOKUP($C57,'Memória de Cálculo 3'!$B$2:$G$11,5, ) -> 0 | O57: =M57*N57 -> 0 | Q57: =VLOOKUP($C57,'Memória de Cálculo 3'!$B$2:$G$11,6, ) -> 0 | R57: =P57*Q57 -> 0 | S57: =F57+I57+L57+O57+R57 -> 0
B58: AGÊNCIA DA PREVIDÊNCIA SOCIAL RIO DAS PEDRAS | C58: 0.02 | D58: 2 | E58: =VLOOKUP($C58,'Memória de Cálculo 3'!$B$2:$E$11,2, ) -> 0 | F58: =D58*E58 -> 0 | G58: 0 | H58: =VLOOKUP($C58,'Memória de Cálculo 3'!$B$2:$E$11,3, ) -> 0 | I58: =G58*H58 -> 0 | J58: 0 | K58: =VLOOKUP($C58,'Memória de Cálculo 3'!$B$2:$E$11,4, ) -> 0 | L58: =J58*K58 -> 0 | M58: 4 | N58: =VLOOKUP($C58,'Memória de Cálculo 3'!$B$2:$G$11,5, ) -> 0 | O58: =M58*N58 -> 0 | Q58: =VLOOKUP($C58,'Memória de Cálculo 3'!$B$2:$G$11,6, ) -> 0 | R58: =P58*Q58 -> 0 | S58: =F58+I58+L58+O58+R58 -> 0
B59: AGÊNCIA DA PREVIDÊNCIA SOCIAL SÃO PEDRO | C59: 0.05 | D59: 1 | E59: =VLOOKUP($C59,'Memória de Cálculo 3'!$B$2:$E$11,2, ) -> 0 | F59: =D59*E59 -> 0 | G59: 1 | H59: =VLOOKUP($C59,'Memória de Cálculo 3'!$B$2:$E$11,3, ) -> 0 | I59: =G59*H59 -> 0 | J59: 0 | K59: =VLOOKUP($C59,'Memória de Cálculo 3'!$B$2:$E$11,4, ) -> 0 | L59: =J59*K59 -> 0 | M59: 4 | N59: =VLOOKUP($C59,'Memória de Cálculo 3'!$B$2:$G$11,5, ) -> 0 | O59: =M59*N59 -> 0 | Q59: =VLOOKUP($C59,'Memória de Cálculo 3'!$B$2:$G$11,6, ) -> 0 | R59: =P59*Q59 -> 0 | S59: =F59+I59+L59+O59+R59 -> 0
B60: AGÊNCIA DA PREVIDÊNCIA SOCIAL TIETÊ | C60: 0.03 | D60: 2 | E60: =VLOOKUP($C60,'Memória de Cálculo 3'!$B$2:$E$11,2, ) -> 0 | F60: =D60*E60 -> 0 | G60: 0 | H60: =VLOOKUP($C60,'Memória de Cálculo 3'!$B$2:$E$11,3, ) -> 0 | I60: =G60*H60 -> 0 | J60: 0 | K60: =VLOOKUP($C60,'Memória de Cálculo 3'!$B$2:$E$11,4, ) -> 0 | L60: =J60*K60 -> 0 | M60: 4 | N60: =VLOOKUP($C60,'Memória de Cálculo 3'!$B$2:$G$11,5, ) -> 0 | O60: =M60*N60 -> 0 | Q60: =VLOOKUP($C60,'Memória de Cálculo 3'!$B$2:$G$11,6, ) -> 0 | R60: =P60*Q60 -> 0 | S60: =F60+I60+L60+O60+R60 -> 0
B61: GERÊNCIA EXECUTIVA PIRACICABA – Reforma | C61: 0.05 | D61: 0 | E61: =VLOOKUP($C61,'Memória de Cálculo 3'!$B$2:$E$11,2, ) -> 0 | F61: =D61*E61 -> 0 | G61: 1 | H61: =VLOOKUP($C61,'Memória de Cálculo 3'!$B$2:$E$11,3, ) -> 0 | I61: =G61*H61 -> 0 | J61: 1 | K61: =VLOOKUP($C61,'Memória de Cálculo 3'!$B$2:$E$11,4, ) -> 0 | L61: =J61*K61 -> 0 | N61: =VLOOKUP($C61,'Memória de Cálculo 3'!$B$2:$G$11,5, ) -> 0 | O61: =M61*N61 -> 0 | Q61: =VLOOKUP($C61,'Memória de Cálculo 3'!$B$2:$G$11,6, ) -> 0 | R61: =P61*Q61 -> 0 | S61: =F61+I61+L61+O61+R61 -> 0
B62: GERÊNCIA EXECUTIVA PIRACICABA (Compartilhado Receita Federal) | C62: 0.05 | D62: 1 | E62: =VLOOKUP($C62,'Memória de Cálculo 3'!$B$2:$E$11,2, ) -> 0 | F62: =D62*E62 -> 0 | G62: 0 | H62: =VLOOKUP($C62,'Memória de Cálculo 3'!$B$2:$E$11,3, ) -> 0 | I62: =G62*H62 -> 0 | J62: 0 | K62: =VLOOKUP($C62,'Memória de Cálculo 3'!$B$2:$E$11,4, ) -> 0 | L62: =J62*K62 -> 0 | M62: 9 | N62: =VLOOKUP($C62,'Memória de Cálculo 3'!$B$2:$G$11,5, ) -> 0 | O62: =M62*N62 -> 0 | P62: 7 | Q62: =VLOOKUP($C62,'Memória de Cálculo 3'!$B$2:$G$11,6, ) -> 0 | R62: =P62*Q62 -> 0 | S62: =F62+I62+L62+O62+R62 -> 0
B63: VALOR GLOBAL MENSAL | D63: =SUM(D49:D62) -> 27 | F63: =SUM(F49:F62) -> 0 | G63: =SUM(G49:G62) -> 6 | I63: =SUM(I49:I62) -> 0 | J63: =SUM(J49:J62) -> 1 | L63: =SUM(L49:L62) -> 0 | M63: =SUM(M49:M62) -> 57 | O63: =SUM(O49:O62) -> 0 | P63: =SUM(P49:P62) -> 7 | R63: =SUM(R49:R62) -> 0 | S63: =SUM(S49:S62) -> 0
B64: VALOR GLOBAL | S64: =S63*36 -> 0
B66: GERÊNCIA EXECUTIVA RIBEIRÃO PRETO
B67: UNIDADES | C67: ISS% | D67: 44 HORAS | G67: 12 x 36 DIURNO | J67: 12 x 36 NOTURNO | M67: HORA EVENTUAL DIURNA | P67: HORA EVENTUAL NOTURNA | S67: VALOR MENSAL
D68: QUANT. | E68: VALOR UNIT. MENSAL | F68: VALOR MENSAL | G68: QUANT. | H68: VALOR UNIT. MENSAL | I68: VALOR MENSAL | J68: QUANT. | K68: VALOR UNIT. MENSAL | L68: VALOR MENSAL | M68: QUANT. | N68: VALOR DA HORA | O68: VALOR MENSAL | P68: QUANT. | Q68: VALOR DA HORA | R68: VALOR MENSAL
B69: AGÊNCIA DA PREVIDÊNCIA SOCIAL BATATAIS | C69: 0.04 | D69: 1 | E69: =VLOOKUP($C69,'Memória de Cálculo 3'!$B$2:$E$11,2, ) -> 0 | F69: =D69*E69 -> 0 | G69: 0 | H69: =VLOOKUP($C69,'Memória de Cálculo 3'!$B$2:$E$11,3, ) -> 0 | I69: =G69*H69 -> 0 | J69: 0 | K69: =VLOOKUP($C69,'Memória de Cálculo 3'!$B$2:$E$11,4, ) -> 0 | L69: =J69*K69 -> 0 | M69: 4 | N69: =VLOOKUP($C69,'Memória de Cálculo 3'!$B$2:$G$11,5, ) -> 0 | O69: =M69*N69 -> 0 | Q69: =VLOOKUP($C69,'Memória de Cálculo 3'!$B$2:$G$11,6, ) -> 0 | R69: =P69*Q69 -> 0 | S69: =F69+I69+L69+O69+R69 -> 0
B70: AGÊNCIA DA PREVIDÊNCIA SOCIAL CAJURU | C70: 0.03 | D70: 1 | E70: =VLOOKUP($C70,'Memória de Cálculo 3'!$B$2:$E$11,2, ) -> 0 | F70: =D70*E70 -> 0 | G70: 0 | H70: =VLOOKUP($C70,'Memória de Cálculo 3'!$B$2:$E$11,3, ) -> 0 | I70: =G70*H70 -> 0 | J70: 0 | K70: =VLOOKUP($C70,'Memória de Cálculo 3'!$B$2:$E$11,4, ) -> 0 | L70: =J70*K70 -> 0 | M70: 4 | N70: =VLOOKUP($C70,'Memória de Cálculo 3'!$B$2:$G$11,5, ) -> 0 | O70: =M70*N70 -> 0 | Q70: =VLOOKUP($C70,'Memória de Cálculo 3'!$B$2:$G$11,6, ) -> 0 | R70: =P70*Q70 -> 0 | S70: =F70+I70+L70+O70+R70 -> 0
B71: AGÊNCIA DA PREVIDÊNCIA SOCIAL CRAVINHOS | C71: 0.05 | D71: 1 | E71: =VLOOKUP($C71,'Memória de Cálculo 3'!$B$2:$E$11,2, ) -> 0 | F71: =D71*E71 -> 0 | G71: 0 | H71: =VLOOKUP($C71,'Memória de Cálculo 3'!$B$2:$E$11,3, ) -> 0 | I71: =G71*H71 -> 0 | J71: 0 | K71: =VLOOKUP($C71,'Memória de Cálculo 3'!$B$2:$E$11,4, ) -> 0 | L71: =J71*K71 -> 0 | M71: 4 | N71: =VLOOKUP($C71,'Memória de Cálculo 3'!$B$2:$G$11,5, ) -> 0 | O71: =M71*N71 -> 0 | Q71: =VLOOKUP($C71,'Memória de Cálculo 3'!$B$2:$G$11,6, ) -> 0 | R71: =P71*Q71 -> 0 | S71: =F71+I71+L71+O71+R71 -> 0
B72: AGÊNCIA DA PREVIDÊNCIA SOCIAL FRANCA | C72: 0.05 | D72: 5 | E72: =VLOOKUP($C72,'Memória de Cálculo 3'!$B$2:$E$11,2, ) -> 0 | F72: =D72*E72 -> 0 | G72: 0 | H72: =VLOOKUP($C72,'Memória de Cálculo 3'!$B$2:$E$11,3, ) -> 0 | I72: =G72*H72 -> 0 | J72: 0 | K72: =VLOOKUP($C72,'Memória de Cálculo 3'!$B$2:$E$11,4, ) -> 0 | L72: =J72*K72 -> 0 | M72: 4 | N72: =VLOOKUP($C72,'Memória de Cálculo 3'!$B$2:$G$11,5, ) -> 0 | O72: =M72*N72 -> 0 | Q72: =VLOOKUP($C72,'Memória de Cálculo 3'!$B$2:$G$11,6, ) -> 0 | R72: =P72*Q72 -> 0 | S72: =F72+I72+L72+O72+R72 -> 0
B73: AGÊNCIA DA PREVIDÊNCIA SOCIAL ITUVERAVA | C73: 0.02 | D73: 3 | E73: =VLOOKUP($C73,'Memória de Cálculo 3'!$B$2:$E$11,2, ) -> 0 | F73: =D73*E73 -> 0 | G73: 0 | H73: =VLOOKUP($C73,'Memória de Cálculo 3'!$B$2:$E$11,3, ) -> 0 | I73: =G73*H73 -> 0 | J73: 0 | K73: =VLOOKUP($C73,'Memória de Cálculo 3'!$B$2:$E$11,4, ) -> 0 | L73: =J73*K73 -> 0 | M73: 4 | N73: =VLOOKUP($C73,'Memória de Cálculo 3'!$B$2:$G$11,5, ) -> 0 | O73: =M73*N73 -> 0 | Q73: =VLOOKUP($C73,'Memória de Cálculo 3'!$B$2:$G$11,6, ) -> 0 | R73: =P73*Q73 -> 0 | S73: =F73+I73+L73+O73+R73 -> 0
B74: AGÊNCIA DA PREVIDÊNCIA SOCIAL MORRO AGUDO | C74: 0.04 | D74: 2 | E74: =VLOOKUP($C74,'Memória de Cálculo 3'!$B$2:$E$11,2, ) -> 0 | F74: =D74*E74 -> 0 | G74: 0 | H74: =VLOOKUP($C74,'Memória de Cálculo 3'!$B$2:$E$11,3, ) -> 0 | I74: =G74*H74 -> 0 | J74: 0 | K74: =VLOOKUP($C74,'Memória de Cálculo 3'!$B$2:$E$11,4, ) -> 0 | L74: =J74*K74 -> 0 | M74: 4 | N74: =VLOOKUP($C74,'Memória de Cálculo 3'!$B$2:$G$11,5, ) -> 0 | O74: =M74*N74 -> 0 | Q74: =VLOOKUP($C74,'Memória de Cálculo 3'!$B$2:$G$11,6, ) -> 0 | R74: =P74*Q74 -> 0 | S74: =F74+I74+L74+O74+R74 -> 0
B75: AGÊNCIA DA PREVIDÊNCIA SOCIAL ORLÂNDIA | C75: 0.03 | D75: 2 | E75: =VLOOKUP($C75,'Memória de Cálculo 3'!$B$2:$E$11,2, ) -> 0 | F75: =D75*E75 -> 0 | G75: 0 | H75: =VLOOKUP($C75,'Memória de Cálculo 3'!$B$2:$E$11,3, ) -> 0 | I75: =G75*H75 -> 0 | J75: 0 | K75: =VLOOKUP($C75,'Memória de Cálculo 3'!$B$2:$E$11,4, ) -> 0 | L75: =J75*K75 -> 0 | M75: 4 | N75: =VLOOKUP($C75,'Memória de Cálculo 3'!$B$2:$G$11,5, ) -> 0 | O75: =M75*N75 -> 0 | Q75: =VLOOKUP($C75,'Memória de Cálculo 3'!$B$2:$G$11,6, ) -> 0 | R75: =P75*Q75 -> 0 | S75: =F75+I75+L75+O75+R75 -> 0
B76: AGÊNCIA DA PREVIDÊNCIA SOCIAL RIBEIRÃO PRETO | C76: 0.02 | D76: 2 | E76: =VLOOKUP($C76,'Memória de Cálculo 3'!$B$2:$E$11,2, ) -> 0 | F76: =D76*E76 -> 0 | G76: 0 | H76: =VLOOKUP($C76,'Memória de Cálculo 3'!$B$2:$E$11,3, ) -> 0 | I76: =G76*H76 -> 0 | J76: 0 | K76: =VLOOKUP($C76,'Memória de Cálculo 3'!$B$2:$E$11,4, ) -> 0 | L76: =J76*K76 -> 0 | M76: 4 | N76: =VLOOKUP($C76,'Memória de Cálculo 3'!$B$2:$G$11,5, ) -> 0 | O76: =M76*N76 -> 0 | Q76: =VLOOKUP($C76,'Memória de Cálculo 3'!$B$2:$G$11,6, ) -> 0 | R76: =P76*Q76 -> 0 | S76: =F76+I76+L76+O76+R76 -> 0
B77: AGÊNCIA DA PREVIDÊNCIA SOCIAL RIBEIRÃO PRETO - AMADOR BUENO | C77: 0.02 | D77: 5 | E77: =VLOOKUP($C77,'Memória de Cálculo 3'!$B$2:$E$11,2, ) -> 0 | F77: =D77*E77 -> 0 | G77: 0 | H77: =VLOOKUP($C77,'Memória de Cálculo 3'!$B$2:$E$11,3, ) -> 0 | I77: =G77*H77 -> 0 | J77: 0 | K77: =VLOOKUP($C77,'Memória de Cálculo 3'!$B$2:$E$11,4, ) -> 0 | L77: =J77*K77 -> 0 | M77: 4 | N77: =VLOOKUP($C77,'Memória de Cálculo 3'!$B$2:$G$11,5, ) -> 0 | O77: =M77*N77 -> 0 | Q77: =VLOOKUP($C77,'Memória de Cálculo 3'!$B$2:$G$11,6, ) -> 0 | R77: =P77*Q77 -> 0 | S77: =F77+I77+L77+O77+R77 -> 0
B78: AGÊNCIA DA PREVIDÊNCIA SOCIAL SÃO JOAQUIM DA BARRA | C78: 0.03 | D78: 2 | E78: =VLOOKUP($C78,'Memória de Cálculo 3'!$B$2:$E$11,2, ) -> 0 | F78: =D78*E78 -> 0 | G78: 0 | H78: =VLOOKUP($C78,'Memória de Cálculo 3'!$B$2:$E$11,3, ) -> 0 | I78: =G78*H78 -> 0 | J78: 0 | K78: =VLOOKUP($C78,'Memória de Cálculo 3'!$B$2:$E$11,4, ) -> 0 | L78: =J78*K78 -> 0 | M78: 4 | N78: =VLOOKUP($C78,'Memória de Cálculo 3'!$B$2:$G$11,5, ) -> 0 | O78: =M78*N78 -> 0 | Q78: =VLOOKUP($C78,'Memória de Cálculo 3'!$B$2:$G$11,6, ) -> 0 | R78: =P78*Q78 -> 0 | S78: =F78+I78+L78+O78+R78 -> 0
B79: AGÊNCIA DA PREVIDÊNCIA SOCIAL SÃO SIMÃO | C79: 0.05 | D79: 2 | E79: =VLOOKUP($C79,'Memória de Cálculo 3'!$B$2:$E$11,2, ) -> 0 | F79: =D79*E79 -> 0 | G79: 0 | H79: =VLOOKUP($C79,'Memória de Cálculo 3'!$B$2:$E$11,3, ) -> 0 | I79: =G79*H79 -> 0 | J79: 0 | K79: =VLOOKUP($C79,'Memória de Cálculo 3'!$B$2:$E$11,4, ) -> 0 | L79: =J79*K79 -> 0 | M79: 4 | N79: =VLOOKUP($C79,'Memória de Cálculo 3'!$B$2:$G$11,5, ) -> 0 | O79: =M79*N79 -> 0 | Q79: =VLOOKUP($C79,'Memória de Cálculo 3'!$B$2:$G$11,6, ) -> 0 | R79: =P79*Q79 -> 0 | S79: =F79+I79+L79+O79+R79 -> 0
B80: AGÊNCIA DA PREVIDÊNCIA SOCIAL SERRANA | C80: 0.03 | D80: 1 | E80: =VLOOKUP($C80,'Memória de Cálculo 3'!$B$2:$E$11,2, ) -> 0 | F80: =D80*E80 -> 0 | G80: 0 | H80: =VLOOKUP($C80,'Memória de Cálculo 3'!$B$2:$E$11,3, ) -> 0 | I80: =G80*H80 -> 0 | J80: 0 | K80: =VLOOKUP($C80,'Memória de Cálculo 3'!$B$2:$E$11,4, ) -> 0 | L80: =J80*K80 -> 0 | M80: 4 | N80: =VLOOKUP($C80,'Memória de Cálculo 3'!$B$2:$G$11,5, ) -> 0 | O80: =M80*N80 -> 0 | Q80: =VLOOKUP($C80,'Memória de Cálculo 3'!$B$2:$G$11,6, ) -> 0 | R80: =P80*Q80 -> 0 | S80: =F80+I80+L80+O80+R80 -> 0
B81: AGÊNCIA DA PREVIDÊNCIA SOCIAL SERTÃOZINHO | C81: 0.02 | D81: 3 | E81: =VLOOKUP($C81,'Memória de Cálculo 3'!$B$2:$E$11,2, ) -> 0 | F81: =D81*E81 -> 0 | G81: 0 | H81: =VLOOKUP($C81,'Memória de Cálculo 3'!$B$2:$E$11,3, ) -> 0 | I81: =G81*H81 -> 0 | J81: 0 | K81: =VLOOKUP($C81,'Memória de Cálculo 3'!$B$2:$E$11,4, ) -> 0 | L81: =J81*K81 -> 0 | M81: 4 | N81: =VLOOKUP($C81,'Memória de Cálculo 3'!$B$2:$G$11,5, ) -> 0 | O81: =M81*N81 -> 0 | Q81: =VLOOKUP($C81,'Memória de Cálculo 3'!$B$2:$G$11,6, ) -> 0 | R81: =P81*Q81 -> 0 | S81: =F81+I81+L81+O81+R81 -> 0
B82: ARQUIVO AMADOR BUENO | C82: 0.02 | D82: 0 | E82: =VLOOKUP($C82,'Memória de Cálculo 3'!$B$2:$E$11,2, ) -> 0 | F82: =D82*E82 -> 0 | G82: 1 | H82: =VLOOKUP($C82,'Memória de Cálculo 3'!$B$2:$E$11,3, ) -> 0 | I82: =G82*H82 -> 0 | J82: 1 | K82: =VLOOKUP($C82,'Memória de Cálculo 3'!$B$2:$E$11,4, ) -> 0 | L82: =J82*K82 -> 0 | N82: =VLOOKUP($C82,'Memória de Cálculo 3'!$B$2:$G$11,5, ) -> 0 | O82: =M82*N82 -> 0 | Q82: =VLOOKUP($C82,'Memória de Cálculo 3'!$B$2:$G$11,6, ) -> 0 | R82: =P82*Q82 -> 0 | S82: =F82+I82+L82+O82+R82 -> 0
B83: ARQUIVO LAFAYETE 668 | C83: 0.02 | D83: 0 | E83: =VLOOKUP($C83,'Memória de Cálculo 3'!$B$2:$E$11,2, ) -> 0 | F83: =D83*E83 -> 0 | G83: 1 | H83: =VLOOKUP($C83,'Memória de Cálculo 3'!$B$2:$E$11,3, ) -> 0 | I83: =G83*H83 -> 0 | J83: 1 | K83: =VLOOKUP($C83,'Memória de Cálculo 3'!$B$2:$E$11,4, ) -> 0 | L83: =J83*K83 -> 0 | N83: =VLOOKUP($C83,'Memória de Cálculo 3'!$B$2:$G$11,5, ) -> 0 | O83: =M83*N83 -> 0 | Q83: =VLOOKUP($C83,'Memória de Cálculo 3'!$B$2:$G$11,6, ) -> 0 | R83: =P83*Q83 -> 0 | S83: =F83+I83+L83+O83+R83 -> 0
B84: GERÊNCIA EXECUTIVA RIBEIRÃO PRETO | C84: 0.02 | D84: 1 | E84: =VLOOKUP($C84,'Memória de Cálculo 3'!$B$2:$E$11,2, ) -> 0 | F84: =D84*E84 -> 0 | G84: 1 | H84: =VLOOKUP($C84,'Memória de Cálculo 3'!$B$2:$E$11,3, ) -> 0 | I84: =G84*H84 -> 0 | J84: 1 | K84: =VLOOKUP($C84,'Memória de Cálculo 3'!$B$2:$E$11,4, ) -> 0 | L84: =J84*K84 -> 0 | M84: 9 | N84: =VLOOKUP($C84,'Memória de Cálculo 3'!$B$2:$G$11,5, ) -> 0 | O84: =M84*N84 -> 0 | P84: 7 | Q84: =VLOOKUP($C84,'Memória de Cálculo 3'!$B$2:$G$11,6, ) -> 0 | R84: =P84*Q84 -> 0 | S84: =F84+I84+L84+O84+R84 -> 0
B85: VALOR GLOBAL MENSAL | D85: =SUM(D69:D84) -> 31 | F85: =SUM(F69:F84) -> 0 | G85: =SUM(G69:G84) -> 3 | I85: =SUM(I69:I84) -> 0 | J85: =SUM(J69:J84) -> 3 | L85: =SUM(L69:L84) -> 0 | M85: =SUM(M69:M84) -> 61 | O85: =SUM(O69:O84) -> 0 | P85: =SUM(P69:P84) -> 7 | R85: =SUM(R69:R84) -> 0 | S85: =SUM(S69:S84) -> 0
B86: VALOR GLOBAL | S86: =S85*36 -> 0
B88: GERÊNCIA EXECUTIVA SÃO JOÃO DA BOA VISTA
B89: UNIDADES | C89: ISS% | D89: 44 HORAS | G89: 12 x 36 DIURNO | J89: 12 x 36 NOTURNO | M89: HORA EVENTUAL DIURNA | P89: HORA EVENTUAL NOTURNA | S89: VALOR MENSAL
D90: QUANT. | E90: VALOR UNIT. MENSAL | F90: VALOR MENSAL | G90: QUANT. | H90: VALOR UNIT. MENSAL | I90: VALOR MENSAL | J90: QUANT. | K90: VALOR UNIT. MENSAL | L90: VALOR MENSAL | M90: QUANT. | N90: VALOR DA HORA | O90: VALOR MENSAL | P90: QUANT. | Q90: VALOR DA HORA | R90: VALOR MENSAL
B91: AGÊNCIA DA PREVIDÊNCIA SOCIAL AGUAÍ | C91: 0.03 | D91: 2 | E91: =VLOOKUP($C91,'Memória de Cálculo 3'!$B$2:$E$11,2, ) -> 0 | F91: =D91*E91 -> 0 | G91: 0 | H91: =VLOOKUP($C91,'Memória de Cálculo 3'!$B$2:$E$11,3, ) -> 0 | I91: =G91*H91 -> 0 | J91: 0 | K91: =VLOOKUP($C91,'Memória de Cálculo 3'!$B$2:$E$11,4, ) -> 0 | L91: =J91*K91 -> 0 | M91: 4 | N91: =VLOOKUP($C91,'Memória de Cálculo 3'!$B$2:$G$11,5, ) -> 0 | O91: =M91*N91 -> 0 | Q91: =VLOOKUP($C91,'Memória de Cálculo 3'!$B$2:$G$11,6, ) -> 0 | R91: =P91*Q91 -> 0 | S91: =F91+I91+L91+O91+R91 -> 0
B92: AGÊNCIA DA PREVIDÊNCIA SOCIAL CASA BRANCA | C92: 0.05 | D92: 2 | E92: =VLOOKUP($C92,'Memória de Cálculo 3'!$B$2:$E$11,2, ) -> 0 | F92: =D92*E92 -> 0 | G92: 0 | H92: =VLOOKUP($C92,'Memória de Cálculo 3'!$B$2:$E$11,3, ) -> 0 | I92: =G92*H92 -> 0 | J92: 0 | K92: =VLOOKUP($C92,'Memória de Cálculo 3'!$B$2:$E$11,4, ) -> 0 | L92: =J92*K92 -> 0 | M92: 4 | N92: =VLOOKUP($C92,'Memória de Cálculo 3'!$B$2:$G$11,5, ) -> 0 | O92: =M92*N92 -> 0 | Q92: =VLOOKUP($C92,'Memória de Cálculo 3'!$B$2:$G$11,6, ) -> 0 | R92: =P92*Q92 -> 0 | S92: =F92+I92+L92+O92+R92 -> 0
B93: AGÊNCIA DA PREVIDÊNCIA SOCIAL ESPIRITO SANTO DO PINHAL | C93: 0.03 | D93: 3 | E93: =VLOOKUP($C93,'Memória de Cálculo 3'!$B$2:$E$11,2, ) -> 0 | F93: =D93*E93 -> 0 | G93: 0 | H93: =VLOOKUP($C93,'Memória de Cálculo 3'!$B$2:$E$11,3, ) -> 0 | I93: =G93*H93 -> 0 | J93: 0 | K93: =VLOOKUP($C93,'Memória de Cálculo 3'!$B$2:$E$11,4, ) -> 0 | L93: =J93*K93 -> 0 | M93: 4 | N93: =VLOOKUP($C93,'Memória de Cálculo 3'!$B$2:$G$11,5, ) -> 0 | O93: =M93*N93 -> 0 | Q93: =VLOOKUP($C93,'Memória de Cálculo 3'!$B$2:$G$11,6, ) -> 0 | R93: =P93*Q93 -> 0 | S93: =F93+I93+L93+O93+R93 -> 0
B94: AGÊNCIA DA PREVIDÊNCIA SOCIAL ITAPIRA | C94: 0.05 | D94: 3 | E94: =VLOOKUP($C94,'Memória de Cálculo 3'!$B$2:$E$11,2, ) -> 0 | F94: =D94*E94 -> 0 | G94: 0 | H94: =VLOOKUP($C94,'Memória de Cálculo 3'!$B$2:$E$11,3, ) -> 0 | I94: =G94*H94 -> 0 | J94: 0 | K94: =VLOOKUP($C94,'Memória de Cálculo 3'!$B$2:$E$11,4, ) -> 0 | L94: =J94*K94 -> 0 | M94: 4 | N94: =VLOOKUP($C94,'Memória de Cálculo 3'!$B$2:$G$11,5, ) -> 0 | O94: =M94*N94 -> 0 | Q94: =VLOOKUP($C94,'Memória de Cálculo 3'!$B$2:$G$11,6, ) -> 0 | R94: =P94*Q94 -> 0 | S94: =F94+I94+L94+O94+R94 -> 0
B95: AGÊNCIA DA PREVIDÊNCIA SOCIAL LEME | C95: 0.05 | D95: 3 | E95: =VLOOKUP($C95,'Memória de Cálculo 3'!$B$2:$E$11,2, ) -> 0 | F95: =D95*E95 -> 0 | G95: 0 | H95: =VLOOKUP($C95,'Memória de Cálculo 3'!$B$2:$E$11,3, ) -> 0 | I95: =G95*H95 -> 0 | J95: 0 | K95: =VLOOKUP($C95,'Memória de Cálculo 3'!$B$2:$E$11,4, ) -> 0 | L95: =J95*K95 -> 0 | M95: 4 | N95: =VLOOKUP($C95,'Memória de Cálculo 3'!$B$2:$G$11,5, ) -> 0 | O95: =M95*N95 -> 0 | Q95: =VLOOKUP($C95,'Memória de Cálculo 3'!$B$2:$G$11,6, ) -> 0 | R95: =P95*Q95 -> 0 | S95: =F95+I95+L95+O95+R95 -> 0
B96: AGÊNCIA DA PREVIDÊNCIA SOCIAL MOCOCA | C96: 0.05 | D96: 2 | E96: =VLOOKUP($C96,'Memória de Cálculo 3'!$B$2:$E$11,2, ) -> 0 | F96: =D96*E96 -> 0 | G96: 0 | H96: =VLOOKUP($C96,'Memória de Cálculo 3'!$B$2:$E$11,3, ) -> 0 | I96: =G96*H96 -> 0 | J96: 0 | K96: =VLOOKUP($C96,'Memória de Cálculo 3'!$B$2:$E$11,4, ) -> 0 | L96: =J96*K96 -> 0 | M96: 4 | N96: =VLOOKUP($C96,'Memória de Cálculo 3'!$B$2:$G$11,5, ) -> 0 | O96: =M96*N96 -> 0 | Q96: =VLOOKUP($C96,'Memória de Cálculo 3'!$B$2:$G$11,6, ) -> 0 | R96: =P96*Q96 -> 0 | S96: =F96+I96+L96+O96+R96 -> 0
B97: AGÊNCIA DA PREVIDÊNCIA SOCIAL MOGI-GUAÇU | C97: 0.03 | D97: 3 | E97: =VLOOKUP($C97,'Memória de Cálculo 3'!$B$2:$E$11,2, ) -> 0 | F97: =D97*E97 -> 0 | G97: 0 | H97: =VLOOKUP($C97,'Memória de Cálculo 3'!$B$2:$E$11,3, ) -> 0 | I97: =G97*H97 -> 0 | J97: 0 | K97: =VLOOKUP($C97,'Memória de Cálculo 3'!$B$2:$E$11,4, ) -> 0 | L97: =J97*K97 -> 0 | M97: 4 | N97: =VLOOKUP($C97,'Memória de Cálculo 3'!$B$2:$G$11,5, ) -> 0 | O97: =M97*N97 -> 0 | Q97: =VLOOKUP($C97,'Memória de Cálculo 3'!$B$2:$G$11,6, ) -> 0 | R97: =P97*Q97 -> 0 | S97: =F97+I97+L97+O97+R97 -> 0
B98: AGÊNCIA DA PREVIDÊNCIA SOCIAL MOGI-MIRIM | C98: 0.03 | D98: 2 | E98: =VLOOKUP($C98,'Memória de Cálculo 3'!$B$2:$E$11,2, ) -> 0 | F98: =D98*E98 -> 0 | G98: 0 | H98: =VLOOKUP($C98,'Memória de Cálculo 3'!$B$2:$E$11,3, ) -> 0 | I98: =G98*H98 -> 0 | J98: 0 | K98: =VLOOKUP($C98,'Memória de Cálculo 3'!$B$2:$E$11,4, ) -> 0 | L98: =J98*K98 -> 0 | M98: 4 | N98: =VLOOKUP($C98,'Memória de Cálculo 3'!$B$2:$G$11,5, ) -> 0 | O98: =M98*N98 -> 0 | Q98: =VLOOKUP($C98,'Memória de Cálculo 3'!$B$2:$G$11,6, ) -> 0 | R98: =P98*Q98 -> 0 | S98: =F98+I98+L98+O98+R98 -> 0
B99: AGÊNCIA DA PREVIDÊNCIA SOCIAL PIRASSUNUNGA | C99: 0.03 | D99: 3 | E99: =VLOOKUP($C99,'Memória de Cálculo 3'!$B$2:$E$11,2, ) -> 0 | F99: =D99*E99 -> 0 | G99: 0 | H99: =VLOOKUP($C99,'Memória de Cálculo 3'!$B$2:$E$11,3, ) -> 0 | I99: =G99*H99 -> 0 | J99: 0 | K99: =VLOOKUP($C99,'Memória de Cálculo 3'!$B$2:$E$11,4, ) -> 0 | L99: =J99*K99 -> 0 | M99: 4 | N99: =VLOOKUP($C99,'Memória de Cálculo 3'!$B$2:$G$11,5, ) -> 0 | O99: =M99*N99 -> 0 | Q99: =VLOOKUP($C99,'Memória de Cálculo 3'!$B$2:$G$11,6, ) -> 0 | R99: =P99*Q99 -> 0 | S99: =F99+I99+L99+O99+R99 -> 0
B100: AGÊNCIA DA PREVIDÊNCIA SOCIAL PORTO FERREIRA | C100: 0.03 | D100: 2 | E100: =VLOOKUP($C100,'Memória de Cálculo 3'!$B$2:$E$11,2, ) -> 0 | F100: =D100*E100 -> 0 | G100: 0 | H100: =VLOOKUP($C100,'Memória de Cálculo 3'!$B$2:$E$11,3, ) -> 0 | I100: =G100*H100 -> 0 | J100: 0 | K100: =VLOOKUP($C100,'Memória de Cálculo 3'!$B$2:$E$11,4, ) -> 0 | L100: =J100*K100 -> 0 | M100: 4 | N100: =VLOOKUP($C100,'Memória de Cálculo 3'!$B$2:$G$11,5, ) -> 0 | O100: =M100*N100 -> 0 | Q100: =VLOOKUP($C100,'Memória de Cálculo 3'!$B$2:$G$11,6, ) -> 0 | R100: =P100*Q100 -> 0 | S100: =F100+I100+L100+O100+R100 -> 0
B101: AGÊNCIA DA PREVIDÊNCIA SOCIAL SANTA CRUZ DAS PALMEIRAS | C101: 0.03 | D101: 2 | E101: =VLOOKUP($C101,'Memória de Cálculo 3'!$B$2:$E$11,2, ) -> 0 | F101: =D101*E101 -> 0 | G101: 0 | H101: =VLOOKUP($C101,'Memória de Cálculo 3'!$B$2:$E$11,3, ) -> 0 | I101: =G101*H101 -> 0 | J101: 0 | K101: =VLOOKUP($C101,'Memória de Cálculo 3'!$B$2:$E$11,4, ) -> 0 | L101: =J101*K101 -> 0 | M101: 4 | N101: =VLOOKUP($C101,'Memória de Cálculo 3'!$B$2:$G$11,5, ) -> 0 | O101: =M101*N101 -> 0 | Q101: =VLOOKUP($C101,'Memória de Cálculo 3'!$B$2:$G$11,6, ) -> 0 | R101: =P101*Q101 -> 0 | S101: =F101+I101+L101+O101+R101 -> 0
B102: AGÊNCIA DA PREVIDÊNCIA SOCIAL SÃO JOÃO DA BOA VISTA | C102: 0.04 | D102: 3 | E102: =VLOOKUP($C102,'Memória de Cálculo 3'!$B$2:$E$11,2, ) -> 0 | F102: =D102*E102 -> 0 | G102: 0 | H102: =VLOOKUP($C102,'Memória de Cálculo 3'!$B$2:$E$11,3, ) -> 0 | I102: =G102*H102 -> 0 | J102: 0 | K102: =VLOOKUP($C102,'Memória de Cálculo 3'!$B$2:$E$11,4, ) -> 0 | L102: =J102*K102 -> 0 | M102: 4 | N102: =VLOOKUP($C102,'Memória de Cálculo 3'!$B$2:$G$11,5, ) -> 0 | O102: =M102*N102 -> 0 | Q102: =VLOOKUP($C102,'Memória de Cálculo 3'!$B$2:$G$11,6, ) -> 0 | R102: =P102*Q102 -> 0 | S102: =F102+I102+L102+O102+R102 -> 0
... B104: AGÊNCIA DA PREVIDÊNCIA SOCIAL TAMBAÚ | C104: 0.05 | D104: 2 | E104: =VLOOKUP($C104,'Memória de Cálculo 3'!$B$2:$E$11,2, ) -> 0 | F104: =D104*E104 -> 0 | G104: 0 | H104: =VLOOKUP($C104,'Memória de Cálculo 3'!$B$2:$E$11,3, ) -> 0 | I104: =G104*H104 -> 0 | J104: 0 | K104: =VLOOKUP($C104,'Memória de Cálculo 3'!$B$2:$E$11,4, ) -> 0 | L104: =J104*K104 -> 0 | M104: 4 | N104: =VLOOKUP($C104,'Memória de Cálculo 3'!$B$2:$G$11,5, ) -> 0 | O104: =M104*N104 -> 0 | Q104: =VLOOKUP($C104,'Memória de Cálculo 3'!$B$2:$G$11,6, ) -> 0 | R104: =P104*Q104 -> 0 | S104: =F104+I104+L104+O104+R104 -> 0
B105: CEDOC – SÃO JOÃO DA BOA VISTA | C105: 0.04 | D105: 0 | E105: =VLOOKUP($C105,'Memória de Cálculo 3'!$B$2:$E$11,2, ) -> 0 | F105: =D105*E105 -> 0 | G105: 1 | H105: =VLOOKUP($C105,'Memória de Cálculo 3'!$B$2:$E$11,3, ) -> 0 | I105: =G105*H105 -> 0 | J105: 1 | K105: =VLOOKUP($C105,'Memória de Cálculo 3'!$B$2:$E$11,4, ) -> 0 | L105: =J105*K105 -> 0 | N105: =VLOOKUP($C105,'Memória de Cálculo 3'!$B$2:$G$11,5, ) -> 0 | O105: =M105*N105 -> 0 | Q105: =VLOOKUP($C105,'Memória de Cálculo 3'!$B$2:$G$11,6, ) -> 0 | R105: =P105*Q105 -> 0 | S105: =F105+I105+L105+O105+R105 -> 0
B106: GERÊNCIA EXECUTIVA SÃO JOÃO DA BOA VISTA | C106: 0.04 | D106: 0 | E106: =VLOOKUP($C106,'Memória de Cálculo 3'!$B$2:$E$11,2, ) -> 0 | F106: =D106*E106 -> 0 | G106: 1 | H106: =VLOOKUP($C106,'Memória de Cálculo 3'!$B$2:$E$11,3, ) -> 0 | I106: =G106*H106 -> 0 | J106: 0 | K106: =VLOOKUP($C106,'Memória de Cálculo 3'!$B$2:$E$11,4, ) -> 0 | L106: =J106*K106 -> 0 | M106: 9 | N106: =VLOOKUP($C106,'Memória de Cálculo 3'!$B$2:$G$11,5, ) -> 0 | O106: =M106*N106 -> 0 | P106: 7 | Q106: =VLOOKUP($C106,'Memória de Cálculo 3'!$B$2:$G$11,6, ) -> 0 | R106: =P106*Q106 -> 0 | S106: =F106+I106+L106+O106+R106 -> 0
B107: VALOR GLOBAL MENSAL | D107: =SUM(D91:D106) -> 35 | F107: =SUM(F91:F106) -> 0 | G107: =SUM(G91:G106) -> 2 | I107: =SUM(I91:I106) -> 0 | J107: =SUM(J91:J106) -> 1 | L107: =SUM(L91:L106) -> 0 | M107: =SUM(M91:M106) -> 65 | O107: =SUM(O91:O106) -> 0 | P107: =SUM(P91:P106) -> 7 | R107: =SUM(R91:R106) -> 0 | S107: =SUM(S91:S106) -> 0
B108: VALOR GLOBAL | S108: =S107*36 -> 0
...

Sheet Planilha de Custos
A1: PLANILHA ESTIMATIVA
A2: Planilha Estimativa de Custos e Formação de Preços para Serviços de Vigilância
B4: Salário Normativo da Categoria:
B5: Data base da Categoria:
B6: Convenção Coletiva:
B7: CBO/MTE:
A9: CUSTOS | B9: Percentuais e Valores de Referência | C9: 44 horas semanais diurnas | D9: 12 x 36 diurnas | E9: 12 x 36 noturnas
A10: MÓDULO 1: COMPOSIÇÃO DA REMUNERAÇÃO
A11: 1 - Composição da Remuneração | B11: Valores/Percentuais | C11: Valor (R$) | D11: Valor (R$) | E11: Valor (R$)
A12: A - Salário-Base | B12: =C4 -> 0 | C12: =$B12 -> 0 | D12: =$B12*2 -> 0 | E12: =$B12*2 -> 0
A13: B - Adicional de Periculosidade | B13: 0.3 | C13: =C12*$B13 -> 0 | D13: =D12*$B13 -> 0 | E13: =E12*$B13 -> 0
A14: C - Adicional de Insalubridade
A15: D - Adicional Noturno | B15: 0.2 | E15: =(E12+E13)/220*(7*15)*B15 -> 0
A16: E - Adicional de Hora Noturna Reduzida | E16: =((E12+E13)/2/220)*(1+B15)*15*2 -> 0
A17: F - Adicional de Hora-Extra
A18: G - Outros (especificar)
A19: Total | C19: =SUM(C12:C18) -> 0 | D19: =SUM(D12:D18) -> 0 | E19: =SUM(E12:E18) -> 0
A21: MÓDULO 2: ENCARGOS E BENEFÍCIOS ANUAIS, MENSAIS E DIÁRIOS
A22: 2.1 - 13º Salário, Férias e Adicional de Férias | B22: Percentuais | C22: Valor (R$) | D22: Valor (R$) | E22: Valor (R$)
A23: A - 13º salário | B23: =1/12 -> 0.083333333 | C23: =C19*$B23 -> 0 | D23: =D19*$B23 -> 0 | E23: =E19*$B23 -> 0
A24: B - Férias e Adicional de Férias | B24: =(1/3)*(1/12) -> 0.027777778 | C24: =C19*$B24 -> 0 | D24: =D19*$B24 -> 0 | E24: =E19*$B24 -> 0
A25: Total | B25: =SUM(B23:B24) -> 0.11111111 | C25: =SUM(C23:C24) -> 0 | D25: =SUM(D23:D24) -> 0 | E25: =SUM(E23:E24) -> 0
A26: 2.2 - GPS, FGTS e outras contribuições (Incide sobre os Módulos 1 e 2.1) | B26: Percentuais | C26: Valor (R$) | D26: Valor (R$) | E26: Valor (R$)
A27: A - INSS | B27: 0.2 | C27: =(C$19+C$25)*$B27 -> 0 | D27: =(D$19+D$25)*$B27 -> 0 | E27: =(E$19+E$25)*$B27 -> 0
A28: B - Salário Educação | B28: 0.025 | C28: =(C$19+C$25)*$B28 -> 0 | D28: =(D$19+D$25)*$B28 -> 0 | E28: =(E$19+E$25)*$B28 -> 0
A29: C - SAT | B29: 0 | C29: =(C$19+C$25)*$B29 -> 0 | D29: =(D$19+D$25)*$B29 -> 0 | E29: =(E$19+E$25)*$B29 -> 0
A30: D - SESI ou SESC | B30: 0.015 | C30: =(C$19+C$25)*$B30 -> 0 | D30: =(D$19+D$25)*$B30 -> 0 | E30: =(E$19+E$25)*$B30 -> 0
A31: E - SENAI ou SENAC | B31: 0.01 | C31: =(C$19+C$25)*$B31 -> 0 | D31: =(D$19+D$25)*$B31 -> 0 | E31: =(E$19+E$25)*$B31 -> 0
A32: F - SEBRAE | B32: 0.006 | C32: =(C$19+C$25)*$B32 -> 0 | D32: =(D$19+D$25)*$B32 -> 0 | E32: =(E$19+E$25)*$B32 -> 0
A33: G - INCRA | B33: 0.002 | C33: =(C$19+C$25)*$B33 -> 0 | D33: =(D$19+D$25)*$B33 -> 0 | E33: =(E$19+E$25)*$B33 -> 0
A34: H - FGTS | B34: 0.08 | C34: =(C$19+C$25)*$B34 -> 0 | D34: =(D$19+D$25)*$B34 -> 0 | E34: =(E$19+E$25)*$B34 -> 0
A35: Total | B35: =SUM(B27:B34) -> 0.338 | C35: =SUM(C27:C34) -> 0 | D35: =SUM(D27:D34) -> 0 | E35: =SUM(E27:E34) -> 0
A36: 2.3 - Benefícios Mensais e Diários | C36: Valor (R$) | D36: Valor (R$) | E36: Valor (R$)
A37: A - Transporte | B37: =' Memória de Cálculo 1'!E7 -> 0 | C37: =' Memória de Cálculo 1'!$F$14 -> 0 | D37: =' Memória de Cálculo 1'!$F$10 -> 0 | E37: =' Memória de Cálculo 1'!$F$10 -> 0
A38: B - Auxílio-Refeição/Alimentação | B38: =' Memória de Cálculo 1'!D17 -> 0 | C38: =' Memória de Cálculo 1'!$F$22 -> 0 | D38: =' Memória de Cálculo 1'!$F$18 -> 0 | E38: =' Memória de Cálculo 1'!$F$18 -> 0
A39: C - Assistência Médica e Familiar ou Cesta Básica Suplementar | B39: 0 | C39: =$B39-($B39*5%) -> 0 | D39: =($B39-($B39*5%))*2 -> 0 | E39: =($B39-($B39*5%))*2 -> 0
A40: D – Auxílio Funeral | B40: =' Memória de Cálculo 1'!D54 -> 0 | C40: =$B40 -> 0 | D40: =$B40*2 -> 0 | E40: =$B40*2 -> 0
A41: E – Seguro de Vida | B41: =' Memória de Cálculo 1'!D29 -> 0 | C41: =$B41 -> 0 | D41: =$B41*2 -> 0 | E41: =$B41*2 -> 0
A42: F – Reembolso-creche | B42: =' Memória de Cálculo 1'!D60 -> 0 | C42: =$B42 -> 0 | D42: =$B42*2 -> 0 | E42: =$B42*2 -> 0
A43: G – Outros | B43: 0 | C43: =$B43 -> 0 | D43: =$B43*2 -> 0 | E43: =$B43*2 -> 0
A44: Total | C44: =SUM(C37:C43) -> 0 | D44: =SUM(D37:D43) -> 0 | E44: =SUM(E37:E43) -> 0
A45: 2 - Encargos e Benefícios Anuais, Mensais e Diários | C45: Valor (R$) | D45: Valor (R$) | E45: Valor (R$)
A46: 2.1 - 13º Salário, Férias e Adicional de Férias | C46: =C25 -> 0 | D46: =D25 -> 0 | E46: =E25 -> 0
A47: 2.2 - GPS, FGTS e outras contribuições | C47: =C35 -> 0 | D47: =D35 -> 0 | E47: =E35 -> 0
A48: 2.3 - Benefícios Mensais e Diários | C48: =C44 -> 0 | D48: =D44 -> 0 | E48: =E44 -> 0
A49: Total | C49: =SUM(C46:C48) -> 0 | D49: =SUM(D46:D48) -> 0 | E49: =SUM(E46:E48) -> 0
A51: MÓDULO 3: PROVISÃO PARA RESCISÃO
A52: 3 - Provisão para Rescisão | C52: Valor (R$) | D52: Valor (R$) | E52: Valor (R$)
A53: A - Aviso Prévio Indenizado | B53: =1/12*5% -> 0.0041666667 | C53: =C$19*$B53 -> 0 | D53: =D$19*$B53 -> 0 | E53: =E$19*$B53 -> 0
A54: B - Incidência do FGTS sobre Aviso Prévio Indenizado | B54: =B34*B53 -> 0.00033333333 | C54: =C$19*$B54 -> 0 | D54: =D$19*$B54 -> 0 | E54: =E$19*$B54 -> 0
A55: C - Multa do FGTS e Contribuições Sociais sobre o Aviso Prévio Indenizado | B55: 0 | C55: =C$19*$B55 -> 0 | D55: =D$19*$B55 -> 0 | E55: =E$19*$B55 -> 0
A56: D - Aviso Prévio Trabalhado | B56: =1/30*7/12 -> 0.019444444 | C56: =C$19*$B56 -> 0 | D56: =D$19*$B56 -> 0 | E56: =E$19*$B56 -> 0
A57: E - Incidência do GPS, FGTS e outras contribuições sobre o Aviso PrévioTrabalhado | B57: =B56*B35 -> 0.0065722222 | C57: =C$19*$B57 -> 0 | D57: =D$19*$B57 -> 0 | E57: =E$19*$B57 -> 0
A58: F - Multa do FGTS e contribuição social nas rescisões sem justa causa | B58: =B34*40%*90%*(1+1/12+1/12+1/3*1/12) -> 0.0344 | C58: =C$19*$B58 -> 0 | D58: =D$19*$B58 -> 0 | E58: =E$19*$B58 -> 0
A59: Total | B59: =SUM(B53:B58) -> 0.064916667 | C59: =SUM(C53:C58) -> 0 | D59: =SUM(D53:D58) -> 0 | E59: =SUM(E53:E58) -> 0
A61: MÓDULO 4: CUSTO DE REPOSIÇÃO DO PROFISSIONAL AUSENTE
A62: 4.1 - Substituto nas Ausências Legais | C62: Valor (R$) | D62: Valor (R$) | E62: Valor (R$)
A63: A - Substituto na cobertura de Férias | B63: =1/12 -> 0.083333333 | C63: =(C$19+C$49+C$59-C$37-C$38-C$42)*$B63 -> 0 | D63: =(D$19+D$49+D$59-D$37-D$38-D$42)*$B63 -> 0 | E63: =(E$19+E$49+E$59-E$37-E$38-E$42)*$B63 -> 0
A64: B - Substituto na cobertura de Ausências Legais | B64: =(' Memória de Cálculo 1'!D33/30/12) -> 0.0082222222 | C64: =(C$19+C$49+C$59-C$37-C$38-C$42)*$B64 -> 0 | D64: =(D$19+D$49+D$59-D$37-D$38-D$42)*$B64 -> 0 | E64: =(E$19+E$49+E$59-E$37-E$38-E$42)*$B64 -> 0
A65: C - Substituto na cobertura de Licença-Paternidade | B65: =(' Memória de Cálculo 1'!E39/30/12)*' Memória de Cálculo 1'!E38*' Memória de Cálculo 1'!E37 -> 0.00057298883 | C65: =(C$19+C$49+C$59-C$37-C$38-C$42)*$B65 -> 0 | D65: =(D$19+D$49+D$59-D$37-D$38-D$42)*$B65 -> 0 | E65: =(E$19+E$49+E$59-E$37-E$38-E$42)*$B65 -> 0
A66: D - Substituto na cobertura de Ausências por Acidente de Trabalho | B66: =' Memória de Cálculo 1'!E43*(15/30/12) -> 0.0027125 | C66: =(C$19+C$49+C$59-C$37-C$38-C$42)*$B66 -> 0 | D66: =(D$19+D$49+D$59-D$37-D$38-D$42)*$B66 -> 0 | E66: =(E$19+E$49+E$59-E$37-E$38-E$42)*$B66 -> 0
A67: E - Substituto na cobertura de Afastamento Maternidade | B67: =((180/30)/12)*' Memória de Cálculo 1'!E37*' Memória de Cálculo 1'!E47*B34 -> 0.00010384804 | C67: =(C$19+C$49+C$59-C$37-C$38-C$42)*$B67 -> 0 | D67: =(D$19+D$49+D$59-D$37-D$38-D$42)*$B67 -> 0 | E67: =(E$19+E$49+E$59-E$37-E$38-E$42)*$B67 -> 0
A68: F - Outros
A69: Total | B69: =SUM(B63:B68) -> 0.094944892 | C69: =SUM(C63:C68) -> 0 | D69: =SUM(D63:D68) -> 0 | E69: =SUM(E63:E68) -> 0
A70: 4.2 - Substituto na Intrajornada | C70: Valor (R$) | D70: Valor (R$) | E70: Valor (R$)
A71: A - Substituto na Cobertura de Intervalo para Repouso ou Alimentação | B71: 0
A72: Total | B72: =SUM(B71) -> 0 | C72: =SUM(C71) -> 0 | D72: =SUM(D71) -> 0 | E72: =SUM(E71) -> 0
A73: 4.3 - Intrajornada Indenizada | C73: Valor (R$) | D73: Valor (R$) | E73: Valor (R$)
A74: A - Intrajornada Indenizada | B74: 0 | C74: 0 | D74: =((D12+D13)/2/220)*15*1.6*2 -> 0 | E74: =((E12+E13)/2/220)*15*1.6*2 -> 0
A75: Total | B75: =SUM(B74) -> 0 | C75: =SUM(C74) -> 0 | D75: =SUM(D74) -> 0 | E75: =SUM(E74) -> 0
A76: 4 - Custo de Reposição do Profissional Ausente | C76: Valor (R$) | D76: Valor (R$) | E76: Valor (R$)
A77: 4.1 - Substituto nas Ausências Legais | B77: =B69 -> 0.094944892 | C77: =C69 -> 0 | D77: =D69 -> 0 | E77: =E69 -> 0
A78: 4.2 - Substituto na Intrajornada | B78: =B71 -> 0 | C78: =C72 -> 0 | D78: =D72 -> 0 | E78: =E72 -> 0
A79: 4.3 - Intrajornada Indenizada | B79: =B75 -> 0 | C79: =C75 -> 0 | D79: =D75 -> 0 | E79: =E75 -> 0
A80: Total | B80: =SUM(B77:B79) -> 0.094944892 | C80: =SUM(C77:C79) -> 0 | D80: =SUM(D77:D79) -> 0 | E80: =SUM(E77:E79) -> 0
A82: MÓDULO 5: INSUMOS DIVERSOS
A83: 5 - Insumos Diversos | C83: Valor (R$) | D83: Valor (R$) | E83: Valor (R$)
A84: A - Uniformes | C84: ='Memória de Cálculo 2 (Insumos)'!G16 -> 0 | D84: ='Memória de Cálculo 2 (Insumos)'!G16*2 -> 0 | E84: ='Memória de Cálculo 2 (Insumos)'!G16*2 -> 0
A85: B - Materiais
A86: C - Equipamentos | C86: ='Memória de Cálculo 2 (Insumos)'!F24 -> 0 | D86: ='Memória de Cálculo 2 (Insumos)'!F24 -> 0 | E86: ='Memória de Cálculo 2 (Insumos)'!F26 -> 0
A87: D - Outros (especificar) | C87: 0 | D87: 0 | E87: 0
A88: Total | C88: =SUM(C84:C87) -> 0 | D88: =SUM(D84:D87) -> 0 | E88: =SUM(E84:E87) -> 0
A90: MÓDULO 6: CUSTOS INDIRETOS, TRIBUTOS E LUCRO
A91: 6 - Custos Indiretos, Tributos e Lucro | C91: Valor (R$) | D91: Valor (R$) | E91: Valor (R$)
A92: A - Custos Indiretos | B92: 0 | C92: =(C19+C49+C59+C80+C88)*$B92 -> 0 | D92: =(D19+D49+D59+D80+D88)*$B92 -> 0 | E92: =(E19+E49+E59+E80+E88)*$B92 -> 0
A93: B - Lucro | B93: 0 | C93: =(C19+C49+C59+C80+C88+C92)*$B93 -> 0 | D93: =(D19+D49+D59+D80+D88+D92)*$B93 -> 0 | E93: =(E19+E49+E59+E80+E88+E92)*$B93 -> 0
A94: C – Tributos (ISS 2,00 %) | B94: =SUM(B95:B98) -> 0.0565 | C94: =SUM(C95:C98) -> 0 | D94: =SUM(D95:D98) -> 0 | E94: =SUM(E95:E98) -> 0
A95: C.1 - Tributos Federais (PIS e COFINS) | B95: 0.0365 | C95: =((C$19+C$49+C$59+C$80+C$88+C$92+C$93)/(1-$B95-$B96-$B97))*$B95 -> 0 | D95: =((D$19+D$49+D$59+D$80+D$88+D$92+D$93)/(1-$B95-$B96-$B97))*$B95 -> 0 | E95: =((E$19+E$49+E$59+E$80+E$88+E$92+E$93)/(1-$B95-$B96-$B97))*$B95 -> 0
A96: C.2 - Tributos Estaduais (especificar) | B96: 0 | C96: =((C$19+C$49+C$59+C$80+C$88+C$92+C$93)/(1-$B95-$B96-$B97))*$B96 -> 0 | D96: =((D$19+D$49+D$59+D$80+D$88+D$92+D$93)/(1-$B95-$B96-$B97))*$B96 -> 0 | E96: =((E$19+E$49+E$59+E$80+E$88+E$92+E$93)/(1-$B95-$B96-$B97))*$B96 -> 0
A97: C.3 - Tributos Municipais (especificar) | B97: 0.02 | C97: =((C$19+C$49+C$59+C$80+C$88+C$92+C$93)/(1-$B95-$B96-$B97))*$B97 -> 0 | D97: =((D$19+D$49+D$59+D$80+D$88+D$92+D$93)/(1-$B95-$B96-$B97))*$B97 -> 0 | E97: =((E$19+E$49+E$59+E$80+E$88+E$92+E$93)/(1-$B95-$B96-$B97))*$B97 -> 0
A98: C.4 - Outros Tributos (especificar) | B98: 0
A99: C – Tributos (ISS 2,10 %) | B99: =SUM(B100:B103) -> 0.0575 | C99: =SUM(C100:C103) -> 0 | D99: =SUM(D100:D103) -> 0 | E99: =SUM(E100:E103) -> 0
A100: C.1 - Tributos Federais (PIS e COFINS) | B100: 0.0365 | C100: =((C$19+C$49+C$59+C$80+C$88+C$92+C$93)/(1-$B100-$B101-$B102))*$B100 -> 0 | D100: =((D$19+D$49+D$59+D$80+D$88+D$92+D$93)/(1-$B100-$B101-$B102))*$B100 -> 0 | E100: =((E$19+E$49+E$59+E$80+E$88+E$92+E$93)/(1-$B100-$B101-$B102))*$B100 -> 0
A101: C.2 - Tributos Estaduais (especificar) | B101: 0 | C101: =((C$19+C$49+C$59+C$80+C$88+C$92+C$93)/(1-$B100-$B101-$B102))*$B101 -> 0 | D101: =((D$19+D$49+D$59+D$80+D$88+D$92+D$93)/(1-$B100-$B101-$B102))*$B101 -> 0 | E101: =((E$19+E$49+E$59+E$80+E$88+E$92+E$93)/(1-$B100-$B101-$B102))*$B101 -> 0
A102: C.3 - Tributos Municipais (especificar) | B102: 0.021 | C102: =((C$19+C$49+C$59+C$80+C$88+C$92+C$93)/(1-$B100-$B101-$B102))*$B102 -> 0 | D102: =((D$19+D$49+D$59+D$80+D$88+D$92+D$93)/(1-$B100-$B101-$B102))*$B102 -> 0 | E102: =((E$19+E$49+E$59+E$80+E$88+E$92+E$93)/(1-$B100-$B101-$B102))*$B102 -> 0
A103: C.4 - Outros Tributos (especificar) | B103: 0
A104: C – Tributos (ISS 2,50 %) | B104: =SUM(B105:B108) -> 0.0615 | C104: =SUM(C105:C108) -> 0 | D104: =SUM(D105:D108) -> 0 | E104: =SUM(E105:E108) -> 0
A105: C.1 - Tributos Federais (PIS e COFINS) | B105: 0.0365 | C105: =((C$19+C$49+C$59+C$80+C$88+C$92+C$93)/(1-$B105-$B106-$B107))*$B105 -> 0 | D105: =((D$19+D$49+D$59+D$80+D$88+D$92+D$93)/(1-$B105-$B106-$B107))*$B105 -> 0 | E105: =((E$19+E$49+E$59+E$80+E$88+E$92+E$93)/(1-$B105-$B106-$B107))*$B105 -> 0
A106: C.2 - Tributos Estaduais (especificar) | B106: 0 | C106: =((C$19+C$49+C$59+C$80+C$88+C$92+C$93)/(1-$B105-$B106-$B107))*$B106 -> 0 | D106: =((D$19+D$49+D$59+D$80+D$88+D$92+D$93)/(1-$B105-$B106-$B107))*$B106 -> 0 | E106: =((E$19+E$49+E$59+E$80+E$88+E$92+E$93)/(1-$B105-$B106-$B107))*$B106 -> 0
A107: C.3 - Tributos Municipais (especificar) | B107: 0.025 | C107: =((C$19+C$49+C$59+C$80+C$88+C$92+C$93)/(1-$B105-$B106-$B107))*$B107 -> 0 | D107: =((D$19+D$49+D$59+D$80+D$88+D$92+D$93)/(1-$B105-$B106-$B107))*$B107 -> 0 | E107: =((E$19+E$49+E$59+E$80+E$88+E$92+E$93)/(1-$B105-$B106-$B107))*$B107 -> 0
...

Sheet  Memória de Cálculo 1
B2: Memória de Cálculo
B4: Salário base mensal Vigilante | C4: ='Planilha de Custos'!B12 -> 0
B6: VALE TRANSPORTE (12x36) | C6: BILHETES | D6: DIAS | E6: VALOR DA TARIFA | F6: VALOR MENSAL
B7: Quantidade de viagens/mês (2 bilhetes * 22 dias) | C7: 2 | D7: 15 | F7: =C7*D7*E7 -> 0
B8: Parcela do empregado (6% salário base mensal) | F8: =C4*6% -> 0
B9: Custo Mensal para 1 Vigilante (12x36) | F9: =F7-MIN(F8,F7) -> 0
B10: Custo Total Mensal para 2 Vigilantes (12x36) | F10: =F9*2 -> 0
B11: VALE TRANSPORTE (44hs) | C11: BILHETES | D11: DIAS | E11: VALOR DA TARIFA | F11: VALOR MENSAL
B12: Quantidade de viagens/mês (2 bilhetes * 22 dias) | C12: 2 | D12: 22 | E12: =E7 -> 0 | F12: =C12*D12*E12 -> 0
B13: Parcela do empregado (6% salário base mensal) | F13: =C4*6% -> 0
B14: Custo Total Mensal (44hs) | F14: =F12-MIN(F13,F12) -> 0
B16: VALE REFEIÇÃO (12x36) | C16: QTD DE TICKETS | D16: VALOR UNITÁRIO | E16: EMPREGADO (ESTIPULADO NA CCT) | F16: CUSTO TOTAL MENSAL
C17: 15 | E17: =D17*18% -> 0 | F17: =(D17-E17)*C17 -> 0
B18: Custo Total Mensal para 2 Vigilantes (12x36) | F18: =F17*2 -> 0
B20: VALE REFEIÇÃO (30 e 44 hs) | C20: QTD DE TICKETS | D20: VALOR UNITÁRIO | E20: EMPREGADO (ESTIPULADO NA CCT) | F20: CUSTO TOTAL MENSAL
C21: 22 | D21: =D17 -> 0 | E21: =D21*18% -> 0 | F21: =(D21-E21)*C21 -> 0
B22: Custo Total Mensal (44hs) | F22: =F21 -> 0
B24: Seguro de Vida (cláusula Vigésima Segunda CCT e Caderno Técnico de Vigilância, 2014)
B25: A - Salário Normativo | D25: ='Planilha de Custos'!C4 -> 0
B26: B - Adicional de Periculosidade (30%) | D26: ='Planilha de Custos'!C13 -> 0
B27: C - Base de cálculo (A + B) X 52 | D27: =(D25+D26)*52 -> 0
B28: D - Alíquota FIA (ver Caderno Técnico disponível em comprasgov) | D28: 9.5e-05
B29: E - Total mensal (por funcionário): C X D | D29: =D27*D28 -> 0
B32: Média de faltas anuais por motivos legais
B33: Média de dias de ausências legais por ano | D33: 2.96
B34: (Fonte: Caderno Técnico Planilha de Custos e Formação de Preços, 1ª Edição/2023)
B36: Licença Paternidade
B37: Taxa Bruta de Natalidade 2026 (IBGE): | E37: 0.01291
B38: Percentual de homens no serviço de vigilância: | E38: 0.7989
B39: Duração da Licença Paternidade (em dias) | E39: 20
B40: (Fonte: Painel de Informações RAIS 2025 e IBGE)
B42: Ausências por acidente de trabalho
B43: Média de faltas anuais por acidente de trabalho: | E43: 0.0651
B44: (Fonte: CADTERC Novembro 2025)
B46: Afastamento Maternidade
B47: Percentual de Mulheres: | E47: 0.2011
B48: Taxa Bruta de Natalidade 2026 (IBGE): | E48: =E37 -> 0.01291
B49: (Fonte: Painel de Informações RAIS 2025 e IBGE)
B51: Auxílio-Funeral
B52: Piso Salarial x 2 | D52: ='Planilha de Custos'!C12*2 -> 0
B53: Taxa média de incidência de ocorrência | D53: 0.00191
B54: Total mensal | D54: =(D52*D53)/12 -> 0
B55: (Fonte: CADTERC Novembro 2025)
B57: Reembolso-creche
B58: Valor mensal para o benefício de reembolso-creche a ser pago conforme Instrução Noemativa SEGES/MGI nº 147, de 13 de abril de 2026
B59: Percentual de Incidência | D59: 0.2
B60: Total mensal | D60: =(D58*D59) -> 0
B61: Nota: Reembolso-creche: a publicação da Instrução Normativa SEGES/MGI nº 147, de 13 de abril de 2026 estabeleceu novas regras para o benefício de reembolso-creche em contratos com dedicação exclusiva de mão de obra, tornando o benefício que deve ser obrigatoriamente contemplado como um custo mínimo relevante. Para o provisionamento, deve-se utilizar o valor fixo de R$ 526,64 por dependente, aplicando o percentual de incidência de 20% previsto no Anexo II ou métodos estatísticos que reflitam a realidade da força de trabalho alocada. O pagamento à contratada fica condicionado à comprovação mensal do efetivo desembolso, sendo vedada a apropriação de eventuais saldos não utilizados pela empresa.

Sheet Memória de Cálculo 2 (Insumos)
A1: Memória de Cálculo 2
A3: ESTIMATIVA DE UNIFORMES POR VIGILANTE
A4: A – Item | B4: B -Quantidade | C4: C – Periodicidade de entrega (meses) | D4: D - Vigência contratual (meses) | E4: E – Quant. Total (D/C) X B | F4: F - Valor Unitário | G4: G - Valor Total (E x F)
A5: Calça | B5: 2 | C5: 6 | D5: 36 | E5: =D5/C5*B5 -> 12 | G5: =E5*F5 -> 0
A6: Camisa de mangas curtas | B6: 2 | C6: 6 | D6: 36 | E6: =D6/C6*B6 -> 12 | G6: =E6*F6 -> 0
A7: Camisa de mangas compridas | B7: 2 | C7: 6 | D7: 36 | E7: =D7/C7*B7 -> 12 | G7: =E7*F7 -> 0
A8: Cinto | B8: 2 | C8: 6 | D8: 36 | E8: =D8/C8*B8 -> 12 | G8: =E8*F8 -> 0
A9: Par de Sapatos ou Coturnos | B9: 2 | C9: 6 | D9: 36 | E9: =D9/C9*B9 -> 12 | G9: =E9*F9 -> 0
A10: Boné ou Quepe com emblema | B10: 2 | C10: 6 | D10: 36 | E10: =D10/C10*B10 -> 12 | G10: =E10*F10 -> 0
A11: Jaqueta de frio ou japona | B11: 2 | C11: 6 | D11: 36 | E11: =D11/C11*B11 -> 12 | G11: =E11*F11 -> 0
A12: Capa de chuva | B12: 2 | C12: 6 | D12: 36 | E12: =D12/C12*B12 -> 12 | G12: =E12*F12 -> 0
A13: Crachá | B13: 1 | C13: 12 | D13: 36 | E13: =D13/C13*B13 -> 3 | G13: =E13*F13 -> 0
A14: Apito c/ cordão | B14: 1 | C14: 36 | D14: 36 | E14: =D14/C14*B14 -> 1 | G14: =E14*F14 -> 0
A15: TOTAL | G15: =SUM(G5:G14) -> 0
A16: CUSTO MENSAL ESTIMADO | E16: = total / nº de meses de vigência do contrato | G16: =G15/D5 -> 0
A18: MATERIAIS E EQUIPAMENTOS POR POSTO
A19: Item | B19: A -Quant. | C19: B - Vida útil em meses | D19: C - Valor residual | E19: D - Valor Unitário | F19: Total Mensal A X [(D-C)/B]
A20: Cassetete | B20: 1 | C20: 30 | D20: =E20*10% -> 0 | F20: =B20*((E20-D20)/C20) -> 0
A21: Porta cassetete | B21: 1 | C21: 30 | D21: =E21*10% -> 0 | F21: =B21*((E21-D21)/C21) -> 0
A22: Rádio Comunicação | B22: 1 | C22: 30 | D22: =E22*10% -> 0 | F22: =B22*((E22-D22)/C22) -> 0
A23: Livro de ocorrência | B23: 1 | C23: 12 | D23: =E23*10% -> 0 | F23: =B23*((E23-D23)/C23) -> 0
A24: CUSTO MENSAL ESTIMADO | F24: =SUM(F20:F23) -> 0
A25: Lanterna recarregável acima de 12 LEDs | B25: 1 | C25: 36 | D25: =E25*10% -> 0 | F25: =B25*((E25-D25)/C25) -> 0
A26: CUSTO MENSAL ESTIMADO PARA POSTO NOTURNO | F26: =SUM(F24:F25) -> 0

Sheet Memória de Cálculo 3
B2: ISS% | C2: 44 HORAS | D2: 12 x 36 DIURNO | E2: 12 x 36 NOTURNO | F2: HORA EVENTUAL DIURNA | G2: HORA EVENTUAL NOTURNA
C3: VALOR UNIT. MENSAL | D3: VALOR UNIT. MENSAL | E3: VALOR UNIT. MENSAL | F3: VALOR DA HORA | G3: VALOR DA HORA
B4: 0.02 | C4: ='Planilha de Custos'!C160 -> 0 | D4: ='Planilha de Custos'!D160 -> 0 | E4: ='Planilha de Custos'!E160 -> 0 | F4: ='Planilha de Custos'!C168 -> 0 | G4: ='Planilha de Custos'!E168 -> 0
B5: 0.021 | C5: ='Planilha de Custos'!C161 -> 0 | D5: ='Planilha de Custos'!D161 -> 0 | E5: ='Planilha de Custos'!E161 -> 0 | F5: ='Planilha de Custos'!C169 -> 0 | G5: ='Planilha de Custos'!E169 -> 0
B6: 0.025 | C6: ='Planilha de Custos'!C162 -> 0 | D6: ='Planilha de Custos'!D162 -> 0 | E6: ='Planilha de Custos'!E162 -> 0 | F6: ='Planilha de Custos'!C170 -> 0 | G6: ='Planilha de Custos'!E170 -> 0
B7: 0.03 | C7: ='Planilha de Custos'!C163 -> 0 | D7: ='Planilha de Custos'!D163 -> 0 | E7: ='Planilha de Custos'!E163 -> 0 | F7: ='Planilha de Custos'!C171 -> 0 | G7: ='Planilha de Custos'!E171 -> 0
B8: 0.035 | C8: ='Planilha de Custos'!C164 -> 0 | D8: ='Planilha de Custos'!D164 -> 0 | E8: ='Planilha de Custos'!E164 -> 0 | F8: ='Planilha de Custos'!C172 -> 0 | G8: ='Planilha de Custos'!E172 -> 0
B9: 0.04 | C9: ='Planilha de Custos'!C165 -> 0 | D9: ='Planilha de Custos'!D165 -> 0 | E9: ='Planilha de Custos'!E165 -> 0 | F9: ='Planilha de Custos'!C173 -> 0 | G9: ='Planilha de Custos'!E173 -> 0
B10: 0.045 | C10: ='Planilha de Custos'!C166 -> 0 | D10: ='Planilha de Custos'!D166 -> 0 | E10: ='Planilha de Custos'!E166 -> 0 | F10: ='Planilha de Custos'!C174 -> 0 | G10: ='Planilha de Custos'!E174 -> 0
B11: 0.05 | C11: ='Planilha de Custos'!C167 -> 0 | D11: ='Planilha de Custos'!D167 -> 0 | E11: ='Planilha de Custos'!E167 -> 0 | F11: ='Planilha de Custos'!C175 -> 0 | G11: ='Planilha de Custos'!E175 -> 0
